 Dungeon Crawl Stone Soup version 0.26.1-11-gd32895ea62 (webtiles) character file.

Game seed: 13185480224838615822

753208 phalm the Cutthroat (level 27, -4/237 HPs)
             Began as a Gnoll Conjurer on May 25, 2021.
             Was the Champion of Cheibriados.
             Slain by a golden dragon (13 damage)
             ... summoned by the Serpent of Hell
             ... on level 7 of the Iron City of Dis on June 2, 2021.
             The game lasted 04:58:19 (110865 turns).

phalm the Cutthroat (Gnoll Conjurer)              Turns: 110865, Time: 04:58:19

Health: -4/237     AC: 37    Str: 27    XL:     27
Magic:  7/64       EV: 31    Int: 46    God:    Cheibriados [******]
Gold:   7721       SH: 25    Dex: 29    Spells: 1/65 levels left

rFire    + + .     SeeInvis +   q - staff of conjuration {!a}
rCold    + + +     Faith    .   V - +2 shield of Resistance {rF++ rC++ Will++}
rNeg     + + .     Spirit   .   L - +5 pearl dragon scales "Zatz" {rN+ MP+9, rare}
rPois    +         Reflect  +   z - +2 helmet {SInv}
rElec    +         Harm     .   T - +2 cloak
rCorr    .         Rampage  .   I - +1 pair of gloves {Str+3}
Will     ++++.     Clarity  +   B - +0 pair of boots
Stlth    ++++++++..             p - amulet of reflection
HPRegen  0.49/turn              O - ring of the Duke {Ice +Fly rElec rPois Dex-3 Stlth+}
MPRegen  0.39/turn              r - ring "Wutetor" {rN+ MP+9 Dex+2}

@: studying 2 skills, very slow
A: distributed training, fangs 1, talons 1, rugged brown scales 1, blurry vision
1, clarity, fire resistance 1, weak 1, subdued magic 1, strong nose
}: 5/15 runes: serpentine, barnacled, slimy, silver, abyssal
a: Renounce Religion, Evoke Flight, Bend Time, Temporal Distortion, Slouch, Step
From Time


You were on level 7 of the Iron City of Dis.
You worshipped Cheibriados.
Cheibriados was exalted by your worship.
You visited 14 branches of the dungeon, and saw 64 of its levels.
You visited the Abyss 1 time.
You also visited: Bailey.

You collected 11404 gold pieces.
You spent 3683 gold pieces at shops.


Innate Abilities, Weirdness & Mutations

Your experience applies equally to all skills.
You have very sharp teeth.
Your uncanny sense of smell can sniff out nearby items.
You have sharp toenails.
You are partially covered in rugged brown scales. (AC +1, +3% HP)
Scrolls take you a little longer to read.
You possess an exceptional clarity of mind.
Your flesh is heat resistant. (rF+)
You are weak. (Str -2)
Your spells are a little easier to cast, but a little less powerful.


   Skills:
 + Level 22.0 Fighting
 + Level 23.1 Short Blades
 + Level 19.4 Long Blades
 + Level 19.4 Axes
 + Level 19.4 Maces & Flails
 + Level 19.4 Polearms
 + Level 19.4 Staves
 + Level 19.4 Slings
 + Level 19.4 Bows
 + Level 19.4 Crossbows
 + Level 19.4 Throwing
 + Level 19.4 Armour
 + Level 19.8 Dodging
 + Level 19.7 Stealth
 + Level 19.4 Shields
 + Level 19.4 Unarmed Combat
 + Level 19.8 Spellcasting
 + Level 17.8 Conjurations
 + Level 16.8 Hexes
 + Level 16.8 Summonings
 + Level 16.8 Necromancy
 + Level 16.8 Translocations
 + Level 16.8 Transmutations
 + Level 16.8 Fire Magic
 + Level 16.8 Ice Magic
 + Level 16.8 Air Magic
 + Level 16.8 Earth Magic
 + Level 18.4 Poison Magic
 + Level 20.8 Invocations
 + Level 19.4 Evocations


You had one spell level left.
You knew the following spells:

 Your Spells              Type           Power        Failure   Level
a - Apportation           Tloc           100%         0%          1
b - Iskenderun's Battles  Conj           100%         0%          5
d - Dispel Undead         Necr           100%         0%          4
e - Orb of Destruction    Conj           63%          1%          7
g - Ignition              Fire           50%          3%          8
l - Fireball              Conj/Fire      62%          0%          5
m - Magic Dart            Conj           100%         0%          1
n - Iron Shot             Conj/Erth      62%          1%          6
o - Olgreb's Toxic Radia  Pois           100%         0%          4
p - Spellforged Servitor  Conj/Summ      62%          1%          7
s - Searing Ray           Conj           100%         0%          2
t - Bolt of Magma         Conj/Fire/Erth 62%          0%          5
X - Iskenderun's Mystic   Conj/Tloc      100%         0%          4
Y - Ignite Poison         Fire/Tmut/Pois 100%         0%          3
Z - Sublimation of Blood  Necr           50%          0%          2

Your spell library contained the following spells:

 Spells                   Type           Power        Failure   Level
 Animate Skeleton         Necr           100%         0%          1
 Beastly Appendage        Tmut           100%         0%          1
 Corona                   Hex            100%         0%          1
 Foxfire                  Conj/Fire      100%         0%          1
 Freeze                   Ice            100%         0%          1
 Sandblast                Erth           100%         0%          1
 Shock                    Conj/Air       100%         0%          1
 Sting                    Tmut/Pois      100%         0%          1
 Summon Small Mammal      Summ           100%         0%          1
 Blink                    Tloc           N/A          0%          2
 Call Imp                 Summ           100%         0%          2
 Corpse Rot               Necr/Air       N/A          0%          2
 Ensorcelled Hibernation  Hex/Ice        100%         0%          2
 Passwall                 Tmut/Erth      84%          0%          2
 Poisonous Vapours        Pois/Air       100%         0%          2
 Slow                     Hex            100%         0%          2
 Wereblood                Tmut           100%         0%          2
 Confusing Touch          Hex            100%         0%          3
 Conjure Flame            Conj/Fire      100%         0%          3
 Dazzling Flash           Conj/Hex       100%         0%          3
 Frozen Ramparts          Ice            100%         0%          3
 Gell's Gravitas          Tloc           50%          0%          3
 Inner Flame              Hex/Fire       100%         0%          3
 Lesser Beckoning         Tloc           50%          0%          3
 Mephitic Cloud           Conj/Pois/Air  100%         0%          3
 Ozocubu's Armour         Ice            100%         0%          3
 Portal Projectile        Hex/Tloc       100%         0%          3
 Spider Form              Tmut/Pois      51%          0%          3
 Static Discharge         Conj/Air       100%         0%          3
 Stone Arrow              Conj/Erth      100%         0%          3
 Summon Guardian Golem    Hex/Summ       100%         0%          3
 Teleport Other           Tloc           100%         0%          3
 Tukima's Dance           Hex            100%         0%          3
 Animate Dead             Necr           50%          0%          4
 Cause Fear               Hex            50%          0%          4
 Fulminant Prism          Conj/Hex       62%          0%          4
 Hailstorm                Conj/Ice       100%         0%          4
 Ice Form                 Ice/Tmut       100%         0%          4
 Leda's Liquefaction      Hex/Erth       50%          0%          4
 Passage of Golubria      Tloc           N/A          0%          4
 Petrify                  Tmut/Erth      100%         0%          4
 Sticky Flame             Conj/Fire      100%         0%          4
 Summon Ice Beast         Ice/Summ       100%         0%          4
 Summon Lightning Spire   Summ/Air       100%         0%          4
 Agony                    Necr           100%         0%          5
 Alistair's Intoxication  Tmut/Pois      68%          0%          5
 Blade Hands              Tmut           50%          0%          5
 Borgnjor's Vile Clutch   Necr/Erth      50%          0%          5
 Excruciating Wounds      Necr           50%          0%          5
 Irradiate                Conj/Tmut      62%          0%          5
 Lee's Rapid Deconstruct  Erth           50%          0%          5
 Lightning Bolt           Conj/Air       62%          0%          5
 Metabolic Englaciation   Hex/Ice        62%          0%          5
 Silence                  Hex/Air        50%          0%          5
 Summon Demon             Summ           50%          0%          5
 Summon Forest            Summ/Tloc      50%          0%          5
 Summon Mana Viper        Hex/Summ       100%         0%          5
 Conjure Ball Lightning   Conj/Air       62%          1%          6
 Death Channel            Necr           50%          1%          6
 Dispersal                Tloc           50%          1%          6
 Freezing Cloud           Conj/Ice/Air   75%          1%          6
 Hydra Form               Tmut           50%          1%          6
 Ozocubu's Refrigeration  Ice            62%          1%          6
 Shadow Creatures         Summ           N/A          1%          6
 Simulacrum               Ice/Necr       62%          1%          6
 Statue Form              Tmut/Erth      67%          1%          6
 Dragon Form              Tmut           50%          1%          7
 Malign Gateway           Summ/Tloc      50%          1%          7
 Monstrous Menagerie      Summ           50%          1%          7
 Summon Greater Demon     Summ           50%          1%          7
 Summon Hydra             Summ           50%          1%          7
 Disjunction              Tloc           50%          3%          8
 Summon Horrible Things   Summ           50%          3%          8
 Dragon's Call            Summ           50%          56%         9
 Shatter                  Erth           50%          56%         9
 Tornado                  Air            50%          56%         9

Inventory:

Missiles
 A - 7 throwing nets {=f!f}
 G - 7 silver javelins
Armour
 z - a +2 helmet of see invisible (worn)
   (You bought it in a shop on level 1 of the Elven Halls)
 B - a +0 pair of boots (worn)
   (You found it on level 8 of the Dungeon)
 I - a +1 pair of gloves of strength (worn)
   (You found it on level 3 of the Crypt)
 L - the +5 pearl dragon scales "Zatz" (worn) {rN+ MP+9, rare}
   (You took it off a yaktaur on level 5 of the Vaults)

   It protects you from negative energy.
   It affects your magic capacity (+9).
 T - a +2 cloak (worn)
   (You took it off a draconian shifter on level 2 of the Realm of Zot)
 V - the +2 shield of Resistance (worn) {rF++ rC++ Will++}
   (You found it on level 2 of the Lair of Beasts)

   It greatly protects you from fire.
   It greatly protects you from cold.
   It affects your willpower, your defense against some magical effects.
Magical Staves
 q - an uncursed staff of conjuration (weapon) {!a}
   (You bought it in a shop on level 7 of the Dungeon)
Jewellery
 p - an amulet of reflection (around neck)
   (You found it on level 2 of the Dungeon)
 r - the ring "Wutetor" (right hand) {rN+ MP+9 Dex+2}
   (You found it on level 3 of the Crypt)

   [ring of positive energy]

   It affects your dexterity (+2).
   It protects you from negative energy.
   It affects your magic capacity (+9).
 E - the ring "Wuecrilae" {rPois rN+ Dex+2}
   (You found it on level 3 of the Crypt)

   [ring of positive energy]

   It affects your dexterity (+2).
   It protects you from poison.
   It protects you from negative energy.
 O - the ring of the Duke (left hand) {Ice +Fly rElec rPois Dex-3 Stlth+}
   (You took it off a deep elf mage on level 3 of the Elven Halls)

   [ring of ice]

   It enhances your ice magic.
   It affects your dexterity (-3).
   It makes you vulnerable to fire.
   It protects you from cold.
   It insulates you from electricity.
   It protects you from poison.
   It lets you fly.
   It makes you more stealthy.
Wands
 j - a wand of digging (8)
   (You found it on level 4 of the Dungeon)
 o - a wand of iceblast (57)
   (You found it on level 2 of the Lair of Beasts)
 x - a wand of acid (57)
   (You found it on level 8 of the Dungeon)
 y - a wand of polymorph (52)
   (You took it off Ijyb on level 4 of the Dungeon)
 M - a wand of disintegration (16)
   (You found it on level 5 of the Dungeon)
 Y - a wand of enslavement (23)
   (You found it on level 2 of the Realm of Zot)
 Z - a wand of paralysis (19)
   (You took it off an orc knight on level 5 of the Vaults)
Scrolls
 d - 25 scrolls of teleportation {@r4}
 n - 7 scrolls of magic mapping {!r}
 s - 11 scrolls of fog
 t - 9 scrolls of fear
 F - 4 scrolls of identify {@r1}
 H - 31 scrolls of remove curse {@r2}
 N - 5 scrolls of blinking {!r}
 P - 11 scrolls of immolation {!r!r}
Potions
 a - 13 potions of ambrosia
 e - 4 potions of mutation {!q}
 f - 5 potions of lignification {!q}
 g - 16 potions of curing {@q1}
 h - 6 potions of magic
 k - 7 potions of invisibility
 l - 5 potions of attraction {!q}
 m - 8 potions of might
 v - 10 potions of heal wounds {@q2}
 w - 24 potions of brilliance
 C - 3 potions of cancellation
 K - 7 potions of resistance
 S - 4 potions of flight
Books
 J - a manual of Fighting {!d}
   (You found it on level 3 of the Depths)
 X - a manual of Poison Magic {!d}
   (You found it on level 5 of the Vaults)
Miscellaneous
 b - a phantom mirror
   (You found it on level 4 of the Lair of Beasts)
 c - a phial of floods
   (You found it on level 13 of the Dungeon)
 i - a lightning rod (4/4)
   (You found it on level 3 of the Lair of Beasts)
 u - a tin of tremorstones (2/2)
   (You found it on level 4 of the Snake Pit)
 D - a condenser vane
   (You found it on level 5 of the Pits of Slime)
 R - the horn of Geryon
   (You took it off Geryon in the Vestibule of Hell)
 U - a box of beasts
   (You found it on level 4 of the Lair of Beasts)

Dungeon Overview and Level Annotations

Branches:
Dungeon (15/15)            Temple (1/1) D:4            Lair (6/6) D:8
 Shoals (4/4) Lair:4        Snake (4/4) Lair:3        Slime (5/5) Lair:6
    Orc (2/2) D:9             Elf (3/3) Orc:2        Vaults (5/5) D:14
  Crypt (3/3) Vaults:3       Tomb (0/3) Crypt:3      Depths (5/5) D:15
   Hell (visited)             Dis (7/7) Hell            Geh (0/7) Hell
    Coc (0/7) Hell            Tar (0/7) Hell            Zot (5/5) Depths:5
 Bailey (visited)

Altars:
Ashenzari
Cheibriados
Dithmenos
Elyvilon
Fedhas
Gozag
Hepliaklqana
Kikubaaqudgha
Makhleb
Nemelex Xobeh
Okawaru
Qazlal
Ru
Sif Muna
Trog
Uskayaw
Vehumet
Wu Jian
Xom
Yredelemnul
Zin
The Shining One
Beogh
Jiyva

Shops:
D:5 }   D:7 *   D:8 !   D:13 ?   Orc:2 (?*=   Elf:1 =![?   Elf:2 ?:   Snake:3 =
Vaults:1 !   Vaults:3 *(??   Vaults:5 }   Depths:1 =}=

Portals:
Hell: Depths:1 Depths:2 Depths:3 Depths:4 Depths:5
Abyss: Depths:1* Depths:3 Depths:4
Pandemonium: Depths:1 Depths:2 Depths:3
Ziggurat: Depths:3

Annotations:
Dis:7 Dispater, Serpent of
Hell
Zot:5 1 exclusion

#....,,*##*,,,,,,,**
#...,**#..***,,,,,,,
#...**...#∆,**,,,,,,
#...*....$**,*,,,,,,
#..##.....∆*,**,8,,,
#..+.....1∆**,*,,,,,
#.2+.....&∆**,*,,,,,
#88##,,,,,∆*∆**.8.,,
#.1@#,,,,∆**∆*....,,
#..D#*,,,*∆∆*#D8..,,
#..D.#**,,*##...T.,*
#......####...1...,+
#...........4.....**
#...............#***
#.8...8.8.§5..#****,
#.........#####**,,,
#....######,,,*,,,,,


You could see the Serpent of Hell (catching breath), a Hell Sentinel, an iron
golem, a golden dragon (summoned), a reaper and a friendly spellforged servitor
(summoned).


Message History

You close the large door.
You block the Hell Sentinel's attack. The Hell Sentinel misses you. 😨 HP[+1]
You hit the Hell Sentinel but do no damage.
You bite the Hell Sentinel, but do no damage. 😨 MP[+1]
You hit the Hell Sentinel but do no damage.
You blast the Hell Sentinel!
You bite the Hell Sentinel, but do no damage.
The Hell Sentinel gestures at you. The iron shot misses you. 😨 HP[+1]
You hit the Hell Sentinel but do no damage.
You blast the Hell Sentinel!!
The Hell Sentinel completely misses you.
The Hell Sentinel hits you but does no damage.
You hit the Hell Sentinel but do no damage.
The iron imp shouts, "Capitulate, thou churlish bat-fowling toady!"
Casting: Iskenderun's Mystic Blast (safe; 0% risk of failure)
Confirm with . or Enter, or press ? or * to list all spells.
You feel a surge of power!
You summon a servant imbued with your destructive magic!
You block the Hell Sentinel's attack.
The Hell Sentinel closely misses you. 😨 HP[+1] MP[-6]
You lost 6 mp, and now have 23/64 mp.
You hit the Hell Sentinel but do no damage.
You bite the Hell Sentinel, but do no damage.
Your spellforged servitor hums quietly as it recharges.
You block the Hell Sentinel's attack. The Hell Sentinel barely misses you.
Your spellforged servitor conjures an orb of pure magic.
The wavering orb of destruction weakly hits the Hell Sentinel!!
The Hell Sentinel gestures at you.
The sphere of damnation explodes!
The damnation engulfs you!!
* * * LOW HITPOINT WARNING * * *
The damnation engulfs the Hell Sentinel.
The Hell Sentinel completely resists.
The damnation engulfs the iron imp!!
The iron imp dies!
The Serpent of Hell roars!
A dragon appears.
Your spellforged servitor conjures a glowing orb.
The wavering orb of destruction weakly hits the Hell Sentinel!!
The Hell Sentinel hits your spellforged servitor! x2
You hear a roar!
Something shouts, "Slither home whilst thou are able!" 😱 HP[-22] MP[+1]
You take 22 damage, and now have 57/237 hp.
Casting: Spellforged Servitor (mildly dangerous; 1% risk of failure)
Confirm with . or Enter, or press ? or * to list all spells.
Aiming: Iron Shot (safe; 1% risk of failure)
Press: ? - help, Shift-Dir - straight line, f - Serpent of Hell
Aim: the Serpent of Hell (14% to evade)
You feel a surge of power!
The iron shot hits the rust devil!!!
You kill the rust devil!
Cheibriados thoroughly appreciates the change of pace.
The iron golem completely misses you.
The Hell Sentinel hits your spellforged servitor.
The Hell Sentinel hits your spellforged servitor!
You block the Serpent of Hell's attack. x3
Your spellforged servitor conjures a glowing orb.
The wavering orb of destruction weakly hits the Hell Sentinel!!! 😱 MP[-6]
You lost 6 mp, and now have 18/64 mp.
Casting: Iron Shot (safe; 1% risk of failure)
Confirm with . or Enter, or press ? or * to list all spells.
Aiming: Iron Shot (safe; 1% risk of failure)
Press: ? - help, Shift-Dir - straight line, f/p - Serpent of Hell
Aim: the Serpent of Hell (14% to evade)
You feel a surge of power!
The iron shot misses the Serpent of Hell.
Your spellforged servitor hums quietly as it recharges.
You block the Serpent of Hell's attack. The Serpent of Hell closely misses you.
The Serpent of Hell misses you.
The Hell Sentinel hits your spellforged servitor.
The Hell Sentinel hits your spellforged servitor!!
You block the iron golem's attack. 😱 HP[+1] MP[-5]
You lost 5 mp, and now have 13/64 mp.
Casting: Iron Shot (safe; 1% risk of failure)
Confirm with . or Enter, or press ? or * to list all spells.
Aiming: Iron Shot (safe; 1% risk of failure)
Press: ? - help, Shift-Dir - straight line, f/p - Serpent of Hell
Aim: the Serpent of Hell (14% to evade)
You feel a surge of power!
The iron shot hits the Serpent of Hell!!!
The Serpent of Hell breathes metal splinters at you.
The spray of metal splinters misses you.
The Serpent of Hell breathes dispelling energy at you.
The bolt of dispelling energy hits you!
* * * LOW HITPOINT WARNING * * *
The Serpent of Hell spits crystal at you.
The crystal spear hits you!!
* * * LOW HITPOINT WARNING * * *
Your spellforged servitor conjures a glowing orb.
The wavering orb of destruction weakly hits the iron golem!!!
The reaper shouts, "You must die NOW!"
You block the reaper's attack.
The Hell Sentinel barely misses your spellforged servitor.
The Hell Sentinel hits your spellforged servitor but does no damage.
You block the golden dragon's attack. x2; The golden dragon tramples you!
You die...

Skill      XL: |  1  2  3  4  5  6  7  8  9 10 11 12 13 14 15 16 17 18 19 20 21 22 23 24 25 26 27 |
---------------+----------------------------------------------------------------------------------+-----
Spellcasting   | 5 6 7 8 9 10 11 12 13 14 15 16 17 19 | 19.8
Invocations    | 1 2 3 4 5 6 7 8 9 10 11 12 13 14 15 16 17 18 20 | 20.8
Fighting       | 1 2 3 4 5 6 7 8 9 10 11 12 13 14 15 16 17 22 | 22.0
Short Blades   | 1 2 3 4 5 6 7 8 9 10 11 12 13 14 15 16 17 18 19 20 21 23 | 23.1
Long Blades    | 1 2 3 4 5 6 7 8 9 10 11 12 13 14 15 16 17 19 | 19.4
Axes           | 1 2 3 4 5 6 7 8 9 10 11 12 13 14 15 16 17 19 | 19.4
Maces & Flails | 1 2 3 4 5 6 7 8 9 10 11 12 13 14 15 16 17 19 | 19.4
Polearms       | 1 2 3 4 5 6 7 8 9 10 11 12 13 14 15 16 17 19 | 19.4
Staves         | 1 2 3 4 5 6 7 8 9 10 11 12 13 14 15 16 17 19 | 19.4
Slings         | 1 2 3 4 5 6 7 8 9 10 11 12 13 14 15 16 17 19 | 19.4
Bows           | 1 2 3 4 5 6 7 8 9 10 11 12 13 14 15 16 17 19 | 19.4
Crossbows      | 1 2 3 4 5 6 7 8 9 10 11 12 13 14 15 16 17 19 | 19.4
Throwing       | 1 2 3 4 5 6 7 8 9 10 11 12 13 14 15 16 17 19 | 19.4
Armour         | 1 2 3 4 5 6 7 8 9 10 11 12 13 14 15 16 17 19 | 19.4
Shields        | 1 2 3 4 5 6 7 8 9 10 11 12 13 14 15 16 17 19 | 19.4
Unarmed Combat | 1 2 3 4 5 6 7 8 9 10 11 12 13 14 15 16 17 19 | 19.4
Evocations     | 1 2 3 4 5 6 7 8 9 10 11 12 13 14 15 16 17 19 | 19.4
Hexes          | 1 2 3 4 5 6 7 8 9 10 11 12 13 14 16 | 16.8
Summonings     | 1 2 3 4 5 6 7 8 9 10 11 12 13 14 16 | 16.8
Necromancy     | 1 2 3 4 5 6 7 8 9 10 11 12 13 14 16 | 16.8
Translocations | 1 2 3 4 5 6 7 8 9 10 11 12 13 14 16 | 16.8
Transmutations | 1 2 3 4 5 6 7 8 9 10 11 12 13 14 16 | 16.8
Fire Magic     | 1 2 3 4 5 6 7 8 9 10 11 12 13 14 16 | 16.8
Ice Magic      | 1 2 3 4 5 6 7 8 9 10 11 12 13 14 16 | 16.8
Air Magic      | 1 2 3 4 5 6 7 8 9 10 11 12 13 14 16 | 16.8
Earth Magic    | 1 2 3 4 5 6 7 8 9 10 11 12 13 14 16 | 16.8
Poison Magic   | 1 2 3 4 5 6 7 8 9 10 11 12 13 14 18 | 18.4
Dodging        | 5 6 7 8 9 10 11 12 13 14 15 16 17 19 | 19.8
Stealth        | 5 6 7 8 9 10 11 12 13 14 15 16 17 19 | 19.7
Conjurations   | 8 9 10 11 12 13 14 15 17 | 17.8

Action                   |  1- 3 |  4- 6 |  7- 9 | 10-12 | 13-15 | 16-18 | 19-21 | 22-24 | 25-27 || total
-------------------------+-------+-------+-------+-------+-------+-------+-------+-------+-------++-------
Melee: Short sword       |    11 |       |       |       |       |       |       |       |       ||    11
       Bite              |     1 |       |     4 |    71 |   133 |   124 |   110 |   230 |   560 ||  1233
       Hand axe          |       |     1 |       |       |       |       |       |       |       ||     1
       Long sword        |       |       |     4 |       |       |       |       |       |       ||     4
       Mace              |       |       |    57 |     2 |       |       |       |       |       ||    59
       Trident           |       |       |       |   326 |   645 |       |       |       |       ||   971
       Staff             |       |       |       |       |    20 |   542 |   491 |   961 |  2338 ||  4352
       Unarmed           |       |       |       |       |       |     1 |       |       |       ||     1
Throw: Dart              |       |       |       |     7 |       |       |       |       |       ||     7
       Boomerang         |       |       |       |     1 |       |       |       |       |       ||     1
 Cast: Magic Dart        |    55 |   103 |   131 |   273 |   320 |   597 |   864 |   204 |   386 ||  2933
       Searing Ray       |     1 |     7 |    21 |    62 |    34 |    36 |    31 |     7 |     6 ||   205
       Fulminant Prism   |       |       |     9 |    19 |    16 |    10 |     2 |       |     1 ||    57
       Apportation       |       |       |       |     4 |       |       |       |       |       ||     4
       Iskenderun's Myst |       |       |       |    11 |    28 |    32 |    39 |    39 |   122 ||   271
       Olgreb's Toxic Ra |       |       |       |       |    56 |   170 |   243 |   231 |   367 ||  1067
       Ignite Poison     |       |       |       |       |     6 |    10 |    21 |    44 |   108 ||   189
       Sublimation of Bl |       |       |       |       |     2 |     3 |       |     9 |     1 ||    15
       Iskenderun's Batt |       |       |       |       |     1 |    35 |   144 |    26 |    43 ||   249
       Iron Shot         |       |       |       |       |       |     2 |     3 |    29 |   249 ||   283
       Bolt of Magma     |       |       |       |       |       |     1 |     1 |     2 |       ||     4
       Ice Form          |       |       |       |       |       |     6 |       |       |       ||     6
       Dispel Undead     |       |       |       |       |       |       |     4 |     9 |    59 ||    72
       Fireball          |       |       |       |       |       |       |       |     8 |    55 ||    63
       Spellforged Servi |       |       |       |       |       |       |       |       |    22 ||    22
       Orb of Destructio |       |       |       |       |       |       |       |       |    13 ||    13
 Abil: Evoke Flight      |       |       |       |       |       |       |       |       |     1 ||     1
Evoke: Wand              |       |       |       |     2 |    12 |     5 |     8 |    10 |     3 ||    40
  Use: Scroll            |       |     7 |     4 |     8 |     6 |    10 |    12 |     6 |    28 ||    81
       Potion            |       |     1 |     7 |     1 |     1 |     3 |       |     3 |     5 ||    21
 Stab: Sleeping          |       |       |     1 |     4 |     5 |       |     1 |    11 |    19 ||    41
       Invisible         |       |       |       |     2 |       |       |       |       |       ||     2
       Distracted        |       |       |       |       |     1 |       |       |     1 |    16 ||    18
Armor: Robe              |     3 |     1 |       |    35 |    54 |       |       |       |       ||    93
       Leather armour    |       |       |    11 |     1 |       |       |       |       |       ||    12
       Swamp dragon scal |       |       |       |       |       |    66 |   110 |       |       ||   176
       Chain mail        |       |       |       |       |       |       |       |    71 |       ||    71
       Scale mail        |       |       |       |       |       |       |       |    56 |   154 ||   210
       Pearl dragon scal |       |       |       |       |       |       |       |       |   317 ||   317
       Gold dragon scale |       |       |       |       |       |       |       |       |     2 ||     2
Dodge: Dodged            |    13 |     7 |    43 |   199 |   251 |   304 |   367 |   373 |  1382 ||  2939
Block: Buckler           |       |     8 |    54 |   163 |       |       |       |       |       ||   225
       Reflection        |       |     2 |     4 |     4 |     9 |   118 |   143 |   118 |   107 ||   505
       Kite shield       |       |       |       |    41 |   587 |   639 |   849 |   811 |  2416 ||  5343
       Rpst.: Long sword |       |       |     1 |       |       |       |       |       |       ||     1

Levels and vault maps discovered:
D:1:      minmay_arrival_plants_in_alcoves, layout_loops_ring
D:2:      layout_basic, serial_park_tiny_2, uniq_natasha
D:3:      layout_basic, tgw_sif
D:4:      layout_basic, grunt_temple_overflow_diamond,
          minmay_temple_entry_gardened_gates, uniq_ijyb, uniq_crazy_yiuf_cottage
D:5:      layout_loops_corners, serial_aquarium, aquarium_bridge_straight
          [aquarium_subvault_bridge, aquarium_subvault_wall,
          aquarium_subvault_bridge, aquarium_subvault_window],
          aquarium_window_2, aquarium_window_corridor_1, aquarium_window_fake,
          aquarium_view_2d, aquarium_balcony_5b, serial_shops,
          nicolae_shop_behind_doors
D:6:      layout_loops_ring, nicolae_ru_path_of_blood
D:7:      layout_loops_ring, enter_bailey_2, serial_shops, shop, basic_altar,
          corexii_item_surrounded_by_moat, roderic_batcave
D:8:      minmay_bubble_buster, layout_loops_ring, david_lair_generic,
          serial_shops, nicolae_shop_crystal
D:9:      minmay_inner_zag, layout_grid_maze, zombieorc2_lemuel, uniq_pikel
D:10:     layout_basic
D:11:     minmay_twisted_water, layout_stronghold, uniq_nergalle
D:12:     layout_rooms, grunt_ministairs_6, minmay_statue_crystal_thing,
          uniq_sonja
D:13:     layout_rooms, serial_shops, shop, tso_metal_star
D:14:     layout_long_grid, david_vaults_5, minivault_4
D:15:     hangedman_depths_entry_civil_slaughter, layout_gridville,
          nicolae_benzene_ring, minmay_orc_keep, uniq_agnes
Temple:   regret_index_temple_mists
Lair:1:   layout_small_grid, serial_forest, infiniplex_forest_clump_small,
          infiniplex_forest_straight_2, infiniplex_forest_clump_cross,
          infiniplex_forest_lined_4_way, infiniplex_forest_clump_double,
          infiniplex_forest_lined_ring, infiniplex_forest_zigzag_2,
          infiniplex_forest_lined_2, infiniplex_forest_pool, uniq_urug
Lair:2:   layout_cellular_growth, uniq_maggie
Lair:3:   regret_index_bee_streams, layout_gridlike, dummy_snake_entry,
          ebering_ghost_reflecting_pool
Lair:4:   layout_cave_pods, elwin_shoals_entry_rocks, minmay_lair_oklob_chamber
Lair:5:   layout_concentric_octagons, serial_bayou_crossing
Lair:6:   gammafunk_lair_ancient_temple, layout_regular_city,
          dpeg_slime_entry_enclosed_altar, serial_bayou, serial_bayou_ford_a,
          serial_bayou_pond_a, serial_bayou_pond_e, serial_bayou_pond_e,
          serial_bayou_shore_a, serial_bayou_pond_d, kennysheep_abandoned_house
Shoals:1: layout_shoals, gammafunk_ghost_grave
Shoals:2: layout_shoals, lemuel_centaur_altar, uniq_polyphemus
Shoals:3: layout_shoals
Shoals:4: shoals_end_simple, layout_shoals
Snake:1:  layout_onion, uniq_kirke, uniq_donald
Snake:2:  layout_rooms, uniq_frances, uniq_vashnia
Snake:3:  layout_layer_cave, serial_shops, nicolae_shop_window_shopping,
          uniq_bai_suzhen, uniq_aizul
Snake:4:  snake_pit, layout_cave_town
Slime:1:  layout_caves, nicolae_slime_barrier
Slime:2:  layout_caves
Slime:3:  layout_caves
Slime:4:  layout_caves, cheibrodos_slime_lost_civilization_5, uniq_dissolution
Slime:5
Orc:1:    layout_caves, serial_shops, special_room [special_room_orc],
          basic_altar
Orc:2:    st_orc_pillars, layout_caves, basic_altar, ebering_ghost_gozag,
          abandoned_shop
Elf:1:    eino_elf_arrival_the_gate, layout_geoelf_octagon, minmay_elf_sorcery,
          minmay_shoptagon
Elf:2:    layout_geoelf_grid, serial_shops, shop_fountains, nicolae_shop_stone
Elf:3:    minmay_elf_hall_spiked, layout_geoelf_grid, grunt_ministairs_14
Vaults:1: nicolae_vaults_back_hallway, vaults_room_hangedman_quadrants,
          vaults_standard_mumra_x, ontoclasm_vaults_shuriken,
          hangedman_vaults_maws, grunt_vaults_bifocal,
          vaults_standard_mumra_lines, nicolae_vaults_network_square,
          hangedman_vaults_corner, nicolae_vaults_theta, vaults_room_door_hall,
          layout_vaults_ring, serial_shops, shop
Vaults:2: hangedman_vaults_capsules, v_misc_3, nicolae_vaults_alarming,
          v_misc_30, vaults_room_pools, vaults_dpeg_encased_lava,
          layout_vaults_omnigrid, uniq_boris
Vaults:3: v_pattern_3, grunt_vaults_focal, nicolae_vaults_triangles,
          nicolae_vaults_network_barrier, hangedman_vaults_stagger,
          vaults_mumra_minichess, hangedman_vaults_hard_town_square,
          nicolae_vaults_shelves_hall, minmay_crypt_entry_simple_box,
          vaults_room_pool, vaults_dpeg_ring, nicolae_vaults_specimen_jars,
          nicolae_vaults_twisting_passages, ontoclasm_vaults_bender,
          layout_vaults_maze_bifur, serial_shops, shop
Vaults:4: nicolae_vaults_network_s, nicolae_vaults_stairing_the_circle,
          v_alt_pattern_4, hangedman_vaults_nodes,
          nicolae_vaults_hallways_thing, hangedman_vaults_stream,
          grunt_vaults_funnel, nicolae_vaults_rhombus_5, vaults_mumra_hex,
          ontoclasm_vaults_ring_large, v_alt_pattern_3, layout_vaults_omnibox
Vaults:5: serial_shops, uniq_xtahua, uniq_margery
Crypt:1:  layout_chaotic_city, st_stairs_6
Crypt:2:  layout_misc_corridors, corexii_leaking_fountain
Crypt:3:  evilmike_haunted_forest
Depths:1: layout_cave_pools, minmay_misc_feat_square, abyss_entry,
          gammafunk_ghost_abyssal_escape, hell_entry, rand_demon_pan_entry_7,
          minmay_st_funbox, minmay_shop_grove, serial_bayou_shore_b
Depths:2: wad_cavern_with_rooms, layout_cave_pools, kennysheep_small_spiral,
          pan_entry, gammafunk_ghost_ooze, pf_hell_entry_tar_spiral,
          minmay_crystal_room, infiniplex_staircase_star
Depths:3: minmay_the_grid_triangle_9x9_rhombus_full_mashed
          [minmay_the_grid_triangle_9x9_cache,
          minmay_the_grid_triangle_9x9_sparse_checkered,
          minmay_the_grid_triangle_9x9_zippers_vertical,
          minmay_the_grid_triangle_9x9_shrine,
          minmay_the_grid_triangle_9x9_semitri,
          minmay_the_grid_triangle_9x9_impossible_snake,
          minmay_the_grid_triangle_9x9_longest,
          minmay_the_grid_triangle_9x9_prize_schism], layout_cave_shapes,
          enter_ziggurat_d, grunt_pan_entry_in_and_out, hell_entry,
          hangedman_abyss_entry_splay, minmay_misc_feat_encased,
          infiniplex_staircase_zigzag_4
Depths:4: kennysheep_large_spiral, layout_cross, serial_bayou_pond_e,
          hell_entry, minmay_room_of_horrors, grunt_megastairs_3,
          infiniplex_staircase_pillars_1
Depths:5: evilmike_zot_entry_argh, layout_basic, pf_hell_entry_great_geh
Hell
Dis:1:    layout_subdivisions
Dis:2:    layout_overlapping_boxes
Dis:3:    layout_gridville
Dis:6:    layout_gridville, hangedman_dis_chains,
          hangedman_dis_decor_blocks_crown
Dis:7:    dis_grunt_layers
Zot:1:    layout_misc_corridors, grunt_ministairs_2, st_single_dragon_hoard_4
Zot:2:    layout_cellular_growth
Zot:3:    layout_concentric_octagons, hangedman_zot_wheel_spokes
Zot:4:    layout_gridlike
Zot:5:    layout_gridlike, kennysheep_underground_church

Notes
Turn   | Place    | Note
-------+----------+-------------------------------------------
     0 | D:1      | phalm the Gnoll Conjurer began the quest for the Orb.
     0 | D:1      | Reached XP level 1. HP: 13/13 MP: 6/6
     0 | D:1      | magus.rc [v1.9.10]
   142 | D:1      | Reached XP level 2. HP: 19/19 MP: 1/7
   145 | D:1      | Learned a level 2 spell: Searing Ray
   598 | D:1      | Reached XP level 3. HP: 25/25 MP: 7/9
   756 | D:1      | Reached skill level 5 in Spellcasting
  1405 | D:2      | Reached skill level 1 in Invocations
  1483 | D:2      | Noticed Natasha
  1487 | D:2      | Killed Natasha
  1488 | D:2      | Reached skill level 1 in Fighting
  1488 | D:2      | Reached skill level 1 in Short Blades
  1488 | D:2      | Reached skill level 1 in Long Blades
  1488 | D:2      | Reached skill level 1 in Axes
  1488 | D:2      | Reached skill level 1 in Maces & Flails
  1488 | D:2      | Reached skill level 1 in Polearms
  1488 | D:2      | Reached skill level 1 in Staves
  1488 | D:2      | Reached skill level 1 in Slings
  1488 | D:2      | Reached skill level 1 in Bows
  1488 | D:2      | Reached skill level 1 in Crossbows
  1488 | D:2      | Reached skill level 1 in Throwing
  1488 | D:2      | Reached skill level 1 in Armour
  1488 | D:2      | Reached skill level 1 in Shields
  1488 | D:2      | Reached skill level 1 in Unarmed Combat
  1488 | D:2      | Reached skill level 1 in Evocations
  1488 | D:2      | Reached XP level 4. HP: 32/32 MP: 4/11
  1493 | D:2      | Learned a level 4 spell: Fulminant Prism
  1498 | D:2      | Learned a level 4 spell: Iskenderun's Mystic Blast
  1856 | D:2      | Noticed Natasha
  1873 | D:2      | Killed Natasha
  1874 | D:2      | Reached skill level 1 in Hexes
  1874 | D:2      | Reached skill level 1 in Summonings
  1874 | D:2      | Reached skill level 1 in Necromancy
  1874 | D:2      | Reached skill level 1 in Translocations
  1874 | D:2      | Reached skill level 1 in Transmutations
  1874 | D:2      | Reached skill level 1 in Fire Magic
  1874 | D:2      | Reached skill level 1 in Ice Magic
  1874 | D:2      | Reached skill level 1 in Air Magic
  1874 | D:2      | Reached skill level 1 in Earth Magic
  1874 | D:2      | Reached skill level 1 in Poison Magic
  1953 | D:2      | Noticed Natasha
  1956 | D:2      | Killed Natasha
  1957 | D:2      | Reached XP level 5. HP: 37/37 MP: 7/12
  2022 | D:3      | magus.rc [v1.9.10]
  2022 | D:3      | magus.rc [v1.9.10]
  3178 | D:3      | Noticed Blork the orc
  3190 | D:3      | Killed Blork the orc
  3191 | D:3      | Reached skill level 2 in Invocations
  3191 | D:3      | Reached XP level 6. HP: 39/44 MP: 7/13
  3242 | D:3      | Found a shimmering blue altar of Sif Muna.
  3412 | D:4      | Noticed Ijyb
  3420 | D:4      | Reached skill level 2 in Fighting
  3420 | D:4      | Reached skill level 2 in Short Blades
  3420 | D:4      | Reached skill level 2 in Long Blades
  3420 | D:4      | Reached skill level 2 in Axes
  3420 | D:4      | Reached skill level 2 in Maces & Flails
  3420 | D:4      | Reached skill level 2 in Polearms
  3420 | D:4      | Reached skill level 2 in Staves
  3420 | D:4      | Reached skill level 2 in Slings
  3420 | D:4      | Reached skill level 2 in Bows
  3420 | D:4      | Reached skill level 2 in Crossbows
  3420 | D:4      | Reached skill level 2 in Throwing
  3420 | D:4      | Reached skill level 2 in Armour
  3420 | D:4      | Reached skill level 5 in Dodging
  3420 | D:4      | Reached skill level 2 in Shields
  3420 | D:4      | Reached skill level 2 in Unarmed Combat
  3420 | D:4      | Reached skill level 2 in Evocations
  3539 | D:4      | Killed Ijyb
  3651 | D:4      | You pick up a book of Cantrips and begin reading...
  3651 | D:4      | You add the spells Corona, Animate Skeleton, Summon Small
                  | Mammal and Apportation to your library.
  3671 | D:4      | Reached XP level 7. HP: 50/50 MP: 8/15
  3759 | D:4      | Found a staircase to the Ecumenical Temple.
  3768 | Temple   | Entered the Ecumenical Temple
  3898 | Temple   | Became a worshipper of Cheibriados the Contemplative
  4158 | D:4      | Reached skill level 2 in Hexes
  4158 | D:4      | Reached skill level 2 in Summonings
  4158 | D:4      | Reached skill level 2 in Necromancy
  4158 | D:4      | Reached skill level 2 in Translocations
  4158 | D:4      | Reached skill level 2 in Transmutations
  4158 | D:4      | Reached skill level 2 in Fire Magic
  4158 | D:4      | Reached skill level 2 in Ice Magic
  4158 | D:4      | Reached skill level 2 in Air Magic
  4158 | D:4      | Reached skill level 2 in Earth Magic
  4158 | D:4      | Reached skill level 2 in Poison Magic
  4330 | D:4      | Found a runed translucent door.
  4331 | D:4      | Noticed Crazy Yiuf
  4491 | D:4      | Found a shimmering altar of Xom.
  4497 | D:4      | Found a hide-covered altar of Uskayaw.
  4501 | D:4      | Found a glowing silver altar of Zin.
  4778 | D:4      | Killed Crazy Yiuf
  4779 | D:4      | Reached skill level 5 in Stealth
  4787 | D:4      | Got a shimmering mace
  4788 | D:4      | Identified the +12 mace of Misery {vorpal, +Inv Str+4} (You
                  | found it on level 4 of the Dungeon)
  4850 | D:5      | Entered Level 5 of the Dungeon
  4892 | D:5      | Reached skill level 3 in Invocations
  5203 | D:5      | Reached XP level 8. HP: 57/57 MP: 9/16
  5204 | D:5      | Reached * piety under Cheibriados
  5210 | D:5      | Reached skill level 3 in Fighting
  5210 | D:5      | Reached skill level 3 in Short Blades
  5210 | D:5      | Reached skill level 3 in Long Blades
  5210 | D:5      | Reached skill level 3 in Axes
  5210 | D:5      | Reached skill level 3 in Maces & Flails
  5210 | D:5      | Reached skill level 3 in Polearms
  5210 | D:5      | Reached skill level 3 in Staves
  5210 | D:5      | Reached skill level 3 in Slings
  5210 | D:5      | Reached skill level 3 in Bows
  5210 | D:5      | Reached skill level 3 in Crossbows
  5210 | D:5      | Reached skill level 3 in Throwing
  5210 | D:5      | Reached skill level 3 in Armour
  5210 | D:5      | Reached skill level 3 in Shields
  5210 | D:5      | Reached skill level 3 in Unarmed Combat
  5210 | D:5      | Reached skill level 3 in Evocations
  5666 | D:5      | Reached skill level 6 in Spellcasting
  5820 | D:5      | Found Jojium's Gadget Shoppe.
  6764 | D:6      | Reached skill level 3 in Hexes
  6764 | D:6      | Reached skill level 3 in Summonings
  6764 | D:6      | Reached skill level 3 in Necromancy
  6764 | D:6      | Reached skill level 3 in Translocations
  6764 | D:6      | Reached skill level 3 in Transmutations
  6764 | D:6      | Reached skill level 3 in Fire Magic
  6764 | D:6      | Reached skill level 3 in Ice Magic
  6764 | D:6      | Reached skill level 3 in Air Magic
  6764 | D:6      | Reached skill level 3 in Earth Magic
  6764 | D:6      | Reached skill level 3 in Poison Magic
  6764 | D:6      | Reached skill level 4 in Invocations
  6849 | D:6      | Reached ** piety under Cheibriados
  6885 | D:6      | Reached skill level 6 in Dodging
  6942 | D:6      | Found a sacrificial altar of Ru.
  6993 | D:6      | Reached XP level 9. HP: 65/65 MP: 15/18
  7298 | D:6      | Reached skill level 4 in Fighting
  7298 | D:6      | Reached skill level 4 in Short Blades
  7298 | D:6      | Reached skill level 4 in Long Blades
  7298 | D:6      | Reached skill level 4 in Axes
  7298 | D:6      | Reached skill level 4 in Maces & Flails
  7298 | D:6      | Reached skill level 4 in Polearms
  7298 | D:6      | Reached skill level 4 in Staves
  7298 | D:6      | Reached skill level 4 in Slings
  7298 | D:6      | Reached skill level 4 in Bows
  7298 | D:6      | Reached skill level 4 in Crossbows
  7298 | D:6      | Reached skill level 4 in Throwing
  7298 | D:6      | Reached skill level 4 in Armour
  7298 | D:6      | Reached skill level 4 in Shields
  7298 | D:6      | Reached skill level 4 in Unarmed Combat
  7298 | D:6      | Reached skill level 4 in Evocations
  7483 | D:7      | HP: 12/65 [orc wizard/magic dart (7)]
  7488 | D:7      | Reached skill level 6 in Stealth
  7488 | D:7      | Reached skill level 8 in Conjurations
  7508 | D:7      | Found Ficiomiu's Assorted Antiques.
  7555 | D:7      | Found a hazy altar of Hepliaklqana.
  7573 | D:7      | Found a flagged portal.
  7649 | Bailey   | Entered a bailey
  7680 | Bailey   | Noticed an orc knight
  7690 | Bailey   | HP: 13/65 [orc knight/+0 glaive (13)]
  7696 | Bailey   | Killed an orc knight
  7696 | Bailey   | Noticed an orc knight
  7697 | Bailey   | Reached skill level 5 in Invocations
  7705 | Bailey   | HP: 4/66 [orc warrior/+0 halberd (13)]
  7712 | Bailey   | Noticed an orc knight
  7714 | Bailey   | Reached skill level 7 in Spellcasting
  7716 | Bailey   | Identified the cursed +3 trident "Zostes" {freeze, rPois
                  | rF+ Will+ Int+4}
  7716 | Bailey   | Noticed an orc knight
  7719 | Bailey   | Reached XP level 10. HP: 15/73 MP: 5/20
  7724 | Bailey   | Killed an orc knight
  7725 | Bailey   | Reached skill level 5 in Fighting
  7725 | Bailey   | Reached skill level 5 in Short Blades
  7725 | Bailey   | Reached skill level 5 in Long Blades
  7725 | Bailey   | Reached skill level 5 in Axes
  7725 | Bailey   | Reached skill level 5 in Maces & Flails
  7725 | Bailey   | Reached skill level 5 in Polearms
  7725 | Bailey   | Reached skill level 5 in Staves
  7725 | Bailey   | Reached skill level 5 in Slings
  7725 | Bailey   | Reached skill level 5 in Bows
  7725 | Bailey   | Reached skill level 5 in Crossbows
  7725 | Bailey   | Reached skill level 5 in Throwing
  7725 | Bailey   | Reached skill level 5 in Armour
  7725 | Bailey   | Reached skill level 5 in Shields
  7725 | Bailey   | Reached skill level 5 in Unarmed Combat
  7725 | Bailey   | Reached skill level 4 in Hexes
  7725 | Bailey   | Reached skill level 4 in Summonings
  7725 | Bailey   | Reached skill level 4 in Necromancy
  7725 | Bailey   | Reached skill level 4 in Translocations
  7725 | Bailey   | Reached skill level 4 in Transmutations
  7725 | Bailey   | Reached skill level 4 in Fire Magic
  7725 | Bailey   | Reached skill level 4 in Ice Magic
  7725 | Bailey   | Reached skill level 4 in Air Magic
  7725 | Bailey   | Reached skill level 4 in Earth Magic
  7725 | Bailey   | Reached skill level 4 in Poison Magic
  7725 | Bailey   | Reached skill level 5 in Evocations
  7727 | Bailey   | Reached *** piety under Cheibriados
  7735 | Bailey   | Killed an orc knight
  7736 | Bailey   | Reached skill level 7 in Dodging
  8038 | Bailey   | Killed an orc knight
  8048 | Bailey   | Learned a level 1 spell: Apportation
  8577 | D:7      | Reached **** piety under Cheibriados
  8594 | D:7      | Reached skill level 6 in Invocations
  8680 | D:7      | Bought a short runed staff for 300 gold pieces
  8829 | D:7      | Reached skill level 7 in Stealth
  9649 | D:8      | Found a staircase to the Lair.
  9649 | D:8      | Noticed an elephant
  9686 | D:8      | Noticed a two-headed ogre
  9697 | D:8      | Killed a two-headed ogre
  9698 | D:8      | Reached XP level 11. HP: 73/81 MP: 4/22
  9756 | D:8      | Reached skill level 6 in Fighting
  9756 | D:8      | Reached skill level 6 in Short Blades
  9756 | D:8      | Reached skill level 6 in Long Blades
  9756 | D:8      | Reached skill level 6 in Axes
  9756 | D:8      | Reached skill level 6 in Maces & Flails
  9756 | D:8      | Reached skill level 6 in Polearms
  9756 | D:8      | Reached skill level 6 in Staves
  9756 | D:8      | Reached skill level 6 in Slings
  9756 | D:8      | Reached skill level 6 in Bows
  9756 | D:8      | Reached skill level 6 in Crossbows
  9756 | D:8      | Reached skill level 6 in Throwing
  9756 | D:8      | Reached skill level 6 in Armour
  9756 | D:8      | Reached skill level 6 in Shields
  9756 | D:8      | Reached skill level 6 in Unarmed Combat
  9756 | D:8      | Reached skill level 6 in Evocations
  9868 | D:8      | Found Duoczoiw's Distillery.
  9878 | D:8      | Bought a potion of heal wounds for 55 gold pieces
 10077 | D:8      | Reached skill level 5 in Hexes
 10077 | D:8      | Reached skill level 5 in Summonings
 10077 | D:8      | Reached skill level 5 in Necromancy
 10077 | D:8      | Reached skill level 5 in Translocations
 10077 | D:8      | Reached skill level 5 in Transmutations
 10077 | D:8      | Reached skill level 5 in Fire Magic
 10077 | D:8      | Reached skill level 5 in Ice Magic
 10077 | D:8      | Reached skill level 5 in Air Magic
 10077 | D:8      | Reached skill level 5 in Earth Magic
 10077 | D:8      | Reached skill level 5 in Poison Magic
 10500 | D:8      | Reached skill level 8 in Spellcasting
 10652 | D:8      | Reached ***** piety under Cheibriados
 11356 | D:9      | Found a staircase to the Orcish Mines.
 12102 | D:9      | Noticed a two-headed ogre
 12107 | D:9      | Killed a two-headed ogre
 12108 | D:9      | Reached skill level 9 in Conjurations
 12108 | D:9      | Reached skill level 7 in Invocations
 12247 | D:9      | Noticed Pikel
 12315 | D:9      | Killed Pikel
 12316 | D:9      | Reached skill level 8 in Dodging
 13030 | D:10     | Entered Level 10 of the Dungeon
 13401 | D:10     | Found the macabre finger necklace {rN+}
 13595 | D:10     | Reached ****** piety under Cheibriados
 13845 | Lair:1   | Entered Level 1 of the Lair of Beasts
 13899 | Lair:1   | Reached skill level 8 in Stealth
 14533 | Lair:1   | Reached XP level 12. HP: 89/89 MP: 21/24
 14712 | Lair:1   | Noticed Urug
 14826 | Lair:1   | Reached skill level 7 in Fighting
 14826 | Lair:1   | Reached skill level 7 in Short Blades
 14826 | Lair:1   | Reached skill level 7 in Long Blades
 14826 | Lair:1   | Reached skill level 7 in Axes
 14826 | Lair:1   | Reached skill level 7 in Maces & Flails
 14826 | Lair:1   | Reached skill level 7 in Polearms
 14826 | Lair:1   | Reached skill level 7 in Staves
 14826 | Lair:1   | Reached skill level 7 in Slings
 14826 | Lair:1   | Reached skill level 7 in Bows
 14826 | Lair:1   | Reached skill level 7 in Crossbows
 14826 | Lair:1   | Reached skill level 7 in Throwing
 14826 | Lair:1   | Reached skill level 7 in Armour
 14826 | Lair:1   | Reached skill level 7 in Shields
 14826 | Lair:1   | Reached skill level 7 in Unarmed Combat
 14826 | Lair:1   | Reached skill level 7 in Evocations
 14848 | Lair:1   | Killed Urug
 15172 | Lair:1   | Reached skill level 6 in Hexes
 15172 | Lair:1   | Reached skill level 6 in Summonings
 15172 | Lair:1   | Reached skill level 6 in Necromancy
 15172 | Lair:1   | Reached skill level 6 in Translocations
 15172 | Lair:1   | Reached skill level 6 in Transmutations
 15172 | Lair:1   | Reached skill level 6 in Fire Magic
 15172 | Lair:1   | Reached skill level 6 in Ice Magic
 15172 | Lair:1   | Reached skill level 6 in Air Magic
 15172 | Lair:1   | Reached skill level 6 in Earth Magic
 15172 | Lair:1   | Reached skill level 6 in Poison Magic
 15615 | Lair:2   | Found the +2 shield of Resistance {rF++ rC++ Will++}
 15678 | Lair:2   | Noticed a death yak
 15680 | Lair:2   | Noticed a death yak
 15681 | Lair:2   | Noticed a death yak
 15682 | Lair:2   | Noticed a death yak
 15687 | Lair:2   | Killed a death yak
 15688 | Lair:2   | Reached skill level 8 in Invocations
 15690 | Lair:2   | Killed a death yak
 15690 | Lair:2   | Killed a death yak
 15691 | Lair:2   | Reached skill level 9 in Spellcasting
 15693 | Lair:2   | Killed a death yak
 16162 | Lair:2   | Reached skill level 9 in Dodging
 16536 | Lair:2   | Noticed Maggie
 16544 | Lair:2   | Killed Maggie
 16546 | Lair:2   | Noticed an eight-headed hydra
 16553 | Lair:2   | Killed an eight-headed hydra
 16554 | Lair:2   | Reached skill level 9 in Stealth
 16554 | Lair:2   | Reached XP level 13. HP: 98/98 MP: 5/26
 17206 | Lair:2   | Identified a potion of experience
 17270 | Lair:2   | Reached skill level 8 in Fighting
 17270 | Lair:2   | Reached skill level 8 in Short Blades
 17270 | Lair:2   | Reached skill level 8 in Long Blades
 17270 | Lair:2   | Reached skill level 8 in Axes
 17270 | Lair:2   | Reached skill level 8 in Maces & Flails
 17270 | Lair:2   | Reached skill level 8 in Polearms
 17270 | Lair:2   | Reached skill level 8 in Staves
 17270 | Lair:2   | Reached skill level 8 in Slings
 17270 | Lair:2   | Reached skill level 8 in Bows
 17270 | Lair:2   | Reached skill level 8 in Crossbows
 17270 | Lair:2   | Reached skill level 8 in Throwing
 17270 | Lair:2   | Reached skill level 8 in Armour
 17270 | Lair:2   | Reached skill level 8 in Shields
 17270 | Lair:2   | Reached skill level 8 in Unarmed Combat
 17270 | Lair:2   | Reached skill level 10 in Conjurations
 17270 | Lair:2   | Reached skill level 9 in Invocations
 17270 | Lair:2   | Reached skill level 8 in Evocations
 17270 | Lair:2   | Reached XP level 14. HP: 106/106 MP: 27/27
 17360 | Lair:3   | Reached skill level 7 in Hexes
 17360 | Lair:3   | Reached skill level 7 in Summonings
 17360 | Lair:3   | Reached skill level 7 in Necromancy
 17360 | Lair:3   | Reached skill level 7 in Translocations
 17360 | Lair:3   | Reached skill level 7 in Transmutations
 17360 | Lair:3   | Reached skill level 7 in Fire Magic
 17360 | Lair:3   | Reached skill level 7 in Ice Magic
 17360 | Lair:3   | Reached skill level 7 in Air Magic
 17360 | Lair:3   | Reached skill level 7 in Earth Magic
 17360 | Lair:3   | Reached skill level 7 in Poison Magic
 18017 | Lair:3   | Reached skill level 10 in Spellcasting
 18185 | Lair:3   | Found a runed translucent door.
 18190 | Lair:3   | Noticed Fuxod's ghost (journeyman GnWn)
 18576 | Lair:3   | Reached skill level 10 in Dodging
 18582 | Lair:3   | HP: 26/106 [komodo dragon (11)]
 18905 | Lair:3   | Found a staircase to the Snake Pit.
 18918 | Lair:3   | You add the spells Sting, Poisonous Vapours, Mephitic
                  | Cloud, Ignite Poison and Olgreb's Toxic Radiance to your
                  | library.
 18924 | Lair:3   | Learned a level 4 spell: Olgreb's Toxic Radiance
 18982 | Lair:3   | Learned a level 3 spell: Ignite Poison
 19210 | Lair:3   | Killed Fuxod's ghost
 19318 | Lair:4   | Reached skill level 9 in Fighting
 19318 | Lair:4   | Reached skill level 9 in Short Blades
 19318 | Lair:4   | Reached skill level 9 in Long Blades
 19318 | Lair:4   | Reached skill level 9 in Axes
 19318 | Lair:4   | Reached skill level 9 in Maces & Flails
 19318 | Lair:4   | Reached skill level 9 in Polearms
 19318 | Lair:4   | Reached skill level 9 in Staves
 19318 | Lair:4   | Reached skill level 9 in Slings
 19318 | Lair:4   | Reached skill level 9 in Bows
 19318 | Lair:4   | Reached skill level 9 in Crossbows
 19318 | Lair:4   | Reached skill level 9 in Throwing
 19318 | Lair:4   | Reached skill level 9 in Armour
 19318 | Lair:4   | Reached skill level 9 in Shields
 19318 | Lair:4   | Reached skill level 9 in Unarmed Combat
 19318 | Lair:4   | Reached skill level 9 in Evocations
 19722 | Lair:4   | Reached skill level 10 in Stealth
 19991 | Lair:4   | Reached skill level 10 in Invocations
 20168 | Lair:4   | Got a brightly glowing arbalest
 20332 | Lair:4   | HP: 26/108 [water moccasin (2)]
 20337 | Lair:4   | HP: 24/108 [poisoned by a water moccasin]
 20343 | Lair:4   | HP: 21/108 [poisoned by a water moccasin]
 20349 | Lair:4   | HP: 20/108 [poisoned by a water moccasin]
 20355 | Lair:4   | HP: 20/108 [poisoned by a water moccasin]
 20362 | Lair:4   | HP: 20/108 [poisoned by a water moccasin]
 20367 | Lair:4   | HP: 20/108 [poisoned by a water moccasin]
 20373 | Lair:4   | HP: 21/108 [poisoned by a water moccasin]
 20379 | Lair:4   | HP: 21/108 [poisoned by a water moccasin]
 20385 | Lair:4   | HP: 22/108 [poisoned by a water moccasin]
 20694 | Lair:4   | Found a staircase to the Shoals.
 20888 | Lair:4   | You pick up a book of Power and begin reading...
 20888 | Lair:4   | You add the spells Iskenderun's Battlesphere, Bolt of
                  | Magma, Iron Shot, Orb of Destruction and Spellforged
                  | Servitor to your library.
 20895 | Lair:4   | Learned a level 5 spell: Iskenderun's Battlesphere
 20901 | Lair:4   | Learned a level 5 spell: Bolt of Magma
 21577 | Lair:4   | Got a serpentine ivory amulet
 21591 | Lair:4   | Identified the amulet "Ahasa" {Inacc rC+ Dex+2} (You found
                  | it on level 4 of the Lair of Beasts)
 21920 | Lair:5   | Reached XP level 15. HP: 113/113 MP: 12/29
 22132 | Lair:5   | Reached skill level 8 in Hexes
 22132 | Lair:5   | Reached skill level 8 in Summonings
 22132 | Lair:5   | Reached skill level 8 in Necromancy
 22132 | Lair:5   | Reached skill level 8 in Translocations
 22132 | Lair:5   | Reached skill level 8 in Transmutations
 22132 | Lair:5   | Reached skill level 8 in Fire Magic
 22132 | Lair:5   | Reached skill level 8 in Ice Magic
 22132 | Lair:5   | Reached skill level 8 in Air Magic
 22132 | Lair:5   | Reached skill level 8 in Earth Magic
 22132 | Lair:5   | Reached skill level 8 in Poison Magic
 23148 | Lair:6   | Entered Level 6 of the Lair of Beasts
 23609 | Lair:6   | Reached skill level 11 in Spellcasting
 23975 | Lair:6   | Reached skill level 10 in Fighting
 23975 | Lair:6   | Reached skill level 10 in Short Blades
 23975 | Lair:6   | Reached skill level 10 in Long Blades
 23975 | Lair:6   | Reached skill level 10 in Axes
 23975 | Lair:6   | Reached skill level 10 in Maces & Flails
 23975 | Lair:6   | Reached skill level 10 in Polearms
 23975 | Lair:6   | Reached skill level 10 in Staves
 23975 | Lair:6   | Reached skill level 10 in Slings
 23975 | Lair:6   | Reached skill level 10 in Bows
 23975 | Lair:6   | Reached skill level 10 in Crossbows
 23975 | Lair:6   | Reached skill level 10 in Throwing
 23975 | Lair:6   | Reached skill level 10 in Armour
 23975 | Lair:6   | Reached skill level 10 in Shields
 23975 | Lair:6   | Reached skill level 10 in Unarmed Combat
 23975 | Lair:6   | Reached skill level 10 in Evocations
 24212 | Lair:6   | Reached skill level 11 in Dodging
 24525 | Lair:6   | Found a viscous altar of Jiyva.
 24525 | Lair:6   | Found a staircase to the Slime Pits.
 24602 | Lair:6   | Reached skill level 11 in Conjurations
 24940 | Lair:6   | Reached skill level 11 in Invocations
 25006 | Lair:6   | Identified the Catalogue of the Snowflakes and the Voyage
 25007 | Lair:6   | You add the spells Ensorcelled Hibernation, Portal
                  | Projectile, Ice Form and Simulacrum to your library.
 25014 | Lair:6   | You pick up a book of Death and begin reading...
 25014 | Lair:6   | You add the spells Corpse Rot, Sublimation of Blood, Dispel
                  | Undead, Agony and Excruciating Wounds to your library.
 25626 | Lair:2   | Learned a level 2 spell: Sublimation of Blood
 25742 | Orc:1    | Entered Level 1 of the Orcish Mines
 25899 | Orc:1    | Reached skill level 11 in Stealth
 25934 | Orc:1    | Reached XP level 16. HP: 63/122 MP: 1/31
 26137 | Orc:1    | Found a roughly hewn altar of Beogh.
 26281 | Orc:2    | Entered Level 2 of the Orcish Mines
 26453 | Orc:1    | Found a bloodstained altar of Trog.
 26869 | Orc:1    | Learned a level 6 spell: Iron Shot
 27080 | Orc:2    | Found a runed translucent gate.
 27080 | Orc:2    | Found a runed translucent gate.
 27080 | Orc:2    | Found a runed translucent gate.
 27082 | Orc:2    | Found an opulent altar of Gozag.
 27346 | Orc:2    | Found a staircase to the Elven Halls.
 27402 | Orc:2    | Noticed ISoar's ghost (journeyman TeAE)
 27441 | Orc:2    | Found a roughly hewn altar of Beogh.
 28618 | Orc:2    | Found Omeyh's Antique Weapon Emporium.
 28620 | Orc:2    | Found Giom's General Store.
 28620 | Orc:2    | Found Omeufoaz's Magic Scroll Shoppe.
 28645 | Orc:2    | Found Ilehol's Jewellery Emporium.
 28831 | Orc:2    | Bought the ring "Plog" {rElec rF+ Str+8 Int+2 Dex-2} for
                  | 613 gold pieces
 28836 | Orc:2    | Reached skill level 11 in Short Blades
 28836 | Orc:2    | Reached skill level 9 in Hexes
 28836 | Orc:2    | Reached skill level 9 in Summonings
 28836 | Orc:2    | Reached skill level 9 in Necromancy
 28836 | Orc:2    | Reached skill level 9 in Translocations
 28836 | Orc:2    | Reached skill level 9 in Transmutations
 28836 | Orc:2    | Reached skill level 9 in Fire Magic
 28836 | Orc:2    | Reached skill level 9 in Ice Magic
 28836 | Orc:2    | Reached skill level 9 in Air Magic
 28836 | Orc:2    | Reached skill level 9 in Earth Magic
 28836 | Orc:2    | Reached skill level 9 in Poison Magic
 28836 | Orc:2    | Reached XP level 17. HP: 129/129 MP: 32/32
 29074 | Orc:2    | Killed ISoar's ghost
 29968 | D:11     | You pick up a book of Ice and begin reading...
 29968 | D:11     | You add the spells Metabolic Englaciation, Ozocubu's
                  | Refrigeration and Freezing Cloud to your library.
 30444 | D:11     | Noticed Nergalle
 30454 | D:11     | Killed Nergalle
 31406 | D:11     | You pick up a book of Transfigurations and begin reading...
 31406 | D:11     | You add the spells Irradiate, Statue Form, Hydra Form and
                  | Dragon Form to your library.
 31849 | D:12     | Reached skill level 11 in Fighting
 31849 | D:12     | Reached skill level 11 in Long Blades
 31849 | D:12     | Reached skill level 11 in Axes
 31849 | D:12     | Reached skill level 11 in Maces & Flails
 31849 | D:12     | Reached skill level 11 in Polearms
 31849 | D:12     | Reached skill level 11 in Staves
 31849 | D:12     | Reached skill level 11 in Slings
 31849 | D:12     | Reached skill level 11 in Bows
 31849 | D:12     | Reached skill level 11 in Crossbows
 31849 | D:12     | Reached skill level 11 in Throwing
 31849 | D:12     | Reached skill level 11 in Armour
 31849 | D:12     | Reached skill level 11 in Shields
 31849 | D:12     | Reached skill level 11 in Unarmed Combat
 31849 | D:12     | Reached skill level 11 in Evocations
 32023 | D:12     | Found a runed translucent door.
 32263 | D:12     | Noticed Sonja
 32269 | D:12     | Killed Sonja
 32340 | D:12     | Reached skill level 12 in Spellcasting
 32492 | D:12     | Found a runed translucent door.
 32523 | D:12     | Found a runed translucent door.
 32535 | D:12     | Found a runed translucent door.
 33003 | D:13     | Found Bouwk's Magic Scroll Shoppe.
 33010 | D:13     | Found a glowing golden altar of the Shining One.
 33108 | D:13     | Reached skill level 12 in Invocations
 33264 | D:13     | Reached skill level 12 in Short Blades
 33989 | D:14     | Reached skill level 12 in Dodging
 34612 | D:14     | Reached XP level 18. HP: 119/138 MP: 17/34
 34686 | D:14     | Found a gate to the Vaults.
 34839 | D:14     | Reached skill level 12 in Stealth
 35066 | D:15     | Entered Level 15 of the Dungeon
 35220 | D:15     | Noticed Agnes
 35240 | D:15     | Killed Agnes
 35731 | D:15     | You pick up a book of Maledictions and begin reading...
 35731 | D:15     | You add the spells Confusing Touch and Tukima's Dance to
                  | your library.
 35916 | D:15     | Found a staircase to the Depths.
 36005 | D:15     | You pick up a book of Debilitation and begin reading...
 36005 | D:15     | You add the spells Slow, Inner Flame, Cause Fear and Leda's
                  | Liquefaction to your library.
 36903 | D:11     | Learned a level 4 spell: Ice Form
 36989 | D:11     | You pick up a book of the Dragon and begin reading...
 36989 | D:11     | You add the spells Foxfire and Dragon's Call to your
                  | library.
 37338 | Snake:1  | Entered Level 1 of the Snake Pit
 37769 | Snake:1  | Noticed Donald
 37777 | Snake:1  | Killed Donald
 38096 | Snake:1  | Killed Kirke
 38367 | Snake:1  | Reached skill level 12 in Conjurations
 38760 | Snake:1  | You pick up a book of Power and begin reading...
 38964 | Snake:2  | Noticed Vashnia
 38980 | Snake:2  | Reached skill level 10 in Hexes
 38980 | Snake:2  | Reached skill level 10 in Summonings
 38980 | Snake:2  | Reached skill level 10 in Necromancy
 38980 | Snake:2  | Reached skill level 10 in Translocations
 38980 | Snake:2  | Reached skill level 10 in Transmutations
 38980 | Snake:2  | Reached skill level 10 in Fire Magic
 38980 | Snake:2  | Reached skill level 10 in Ice Magic
 38980 | Snake:2  | Reached skill level 10 in Air Magic
 38980 | Snake:2  | Reached skill level 10 in Earth Magic
 38980 | Snake:2  | Reached skill level 10 in Poison Magic
 38980 | Snake:2  | HP: 30/139 [naga sharpshooter/arrow[Vashnia] (12)]
 39318 | Snake:2  | Reached skill level 13 in Short Blades
 39894 | Snake:2  | Killed Vashnia
 40325 | Snake:2  | Noticed Frances
 40341 | Snake:1  | Gained mutation: You are frail. (-10% HP) [a neqoxec]
 40345 | Snake:1  | Killed Frances
 40519 | Snake:2  | Reached skill level 12 in Fighting
 40519 | Snake:2  | Reached skill level 12 in Long Blades
 40519 | Snake:2  | Reached skill level 12 in Axes
 40519 | Snake:2  | Reached skill level 12 in Maces & Flails
 40519 | Snake:2  | Reached skill level 12 in Polearms
 40519 | Snake:2  | Reached skill level 12 in Staves
 40519 | Snake:2  | Reached skill level 12 in Slings
 40519 | Snake:2  | Reached skill level 12 in Bows
 40519 | Snake:2  | Reached skill level 12 in Crossbows
 40519 | Snake:2  | Reached skill level 12 in Throwing
 40519 | Snake:2  | Reached skill level 12 in Armour
 40519 | Snake:2  | Reached skill level 12 in Shields
 40519 | Snake:2  | Reached skill level 12 in Unarmed Combat
 40519 | Snake:2  | Reached skill level 12 in Evocations
 41174 | Snake:4  | Entered Level 4 of the Snake Pit
 41311 | Snake:4  | Reached skill level 13 in Invocations
 41319 | Snake:4  | Reached XP level 19. HP: 121/131 MP: 2/35
 41572 | Snake:3  | Noticed Bai Suzhen
 41576 | Snake:3  | Killed Bai Suzhen
 41700 | Snake:3  | You pick up a book of Dreams and begin reading...
 41700 | Snake:3  | You add the spells Borgnjor's Vile Clutch, Silence and
                  | Shadow Creatures to your library.
 41701 | Snake:3  | Found Ynizoen's Jewellery Emporium.
 41803 | Snake:3  | Reached skill level 13 in Spellcasting
 43129 | Snake:3  | Reached skill level 13 in Dodging
 43147 | Snake:3  | Reached skill level 14 in Short Blades
 43448 | Snake:3  | You pick up a book of Unlife and begin reading...
 43448 | Snake:3  | You add the spells Animate Dead and Death Channel to your
                  | library.
 43460 | Snake:3  | Noticed Aizul
 43473 | Snake:3  | Killed Aizul
 44530 | Snake:4  | Reached skill level 13 in Stealth
 47264 | Snake:4  | Got a serpentine rune of Zot
 47271 | Snake:4  | Reached XP level 20. HP: 139/139 MP: 28/37
 47637 | Snake:4  | Reached skill level 11 in Hexes
 47637 | Snake:4  | Reached skill level 11 in Summonings
 47637 | Snake:4  | Reached skill level 11 in Necromancy
 47637 | Snake:4  | Reached skill level 11 in Translocations
 47637 | Snake:4  | Reached skill level 11 in Transmutations
 47637 | Snake:4  | Reached skill level 11 in Fire Magic
 47637 | Snake:4  | Reached skill level 11 in Ice Magic
 47637 | Snake:4  | Reached skill level 11 in Air Magic
 47637 | Snake:4  | Reached skill level 11 in Earth Magic
 47637 | Snake:4  | Reached skill level 11 in Poison Magic
 48191 | Shoals:1 | Entered Level 1 of the Shoals
 48896 | Shoals:1 | Found a runed translucent door.
 48897 | Shoals:1 | Noticed Keherigeeg's ghost (adept FoCK)
 49369 | Shoals:1 | Got a heavily runed scale mail
 49380 | Shoals:1 | Identified the +6 scale mail "Myzitt" {rElec rC- Will+}
                  | (You found it on level 1 of the Shoals)
 49559 | Shoals:1 | Reached skill level 15 in Short Blades
 50415 | Shoals:1 | Learned a level 4 spell: Dispel Undead
 50419 | Shoals:1 | Killed Keherigeeg's ghost
 50719 | Shoals:2 | Reached skill level 13 in Fighting
 50719 | Shoals:2 | Reached skill level 13 in Long Blades
 50719 | Shoals:2 | Reached skill level 13 in Axes
 50719 | Shoals:2 | Reached skill level 13 in Maces & Flails
 50719 | Shoals:2 | Reached skill level 13 in Polearms
 50719 | Shoals:2 | Reached skill level 13 in Staves
 50719 | Shoals:2 | Reached skill level 13 in Slings
 50719 | Shoals:2 | Reached skill level 13 in Bows
 50719 | Shoals:2 | Reached skill level 13 in Crossbows
 50719 | Shoals:2 | Reached skill level 13 in Throwing
 50719 | Shoals:2 | Reached skill level 13 in Armour
 50719 | Shoals:2 | Reached skill level 13 in Shields
 50719 | Shoals:2 | Reached skill level 13 in Unarmed Combat
 50719 | Shoals:2 | Reached skill level 14 in Invocations
 50719 | Shoals:2 | Reached skill level 13 in Evocations
 51539 | Shoals:2 | Noticed Polyphemus
 51555 | Shoals:2 | Killed Polyphemus
 52069 | Shoals:2 | Reached skill level 13 in Conjurations
 52248 | Shoals:2 | Found an ornate altar of the Wu Jian Council.
 54058 | Shoals:4 | Entered Level 4 of the Shoals
 54680 | Shoals:4 | Reached skill level 14 in Spellcasting
 55395 | Shoals:4 | Got a translucent mace
 55396 | Shoals:4 | Identified the +2 mace "Ahitydow" {drain, +Inv Will- Str+3
                  | SInv} (You found it on level 4 of the Shoals)
 55649 | Shoals:4 | Identified a scroll of acquirement
 55650 | Shoals:4 | Acquired 670 gold pieces
 55889 | Shoals:4 | Got a barnacled rune of Zot
 56125 | Lair:2   | magus.rc [v1.9.10]
 56125 | Lair:2   | magus.rc [v1.9.10]
 56343 | Vaults:1 | Entered Level 1 of the Vaults
 56347 | Vaults:1 | Reached skill level 14 in Dodging
 56350 | Vaults:1 | Reached XP level 21. HP: 144/145 MP: 28/39
 56774 | Vaults:1 | Reached skill level 14 in Stealth
 56984 | Vaults:1 | Reached skill level 16 in Short Blades
 57246 | Vaults:1 | Found Zihugeax's Distillery.
 58892 | Vaults:1 | Got an ichor-stained mace
 58893 | Vaults:1 | Identified the +11 mace of Enunwyuf {vorpal, rF+} (You
                  | found it on level 1 of the Vaults)
 59099 | Vaults:2 | Noticed Boris
 59130 | Vaults:2 | Killed Boris
 60260 | Vaults:2 | You pick up a book of Flames and begin reading...
 60260 | Vaults:2 | You add the spells Conjure Flame, Sticky Flame and Fireball
                  | to your library.
 60999 | Vaults:2 | Reached skill level 15 in Invocations
 61003 | Vaults:2 | Reached skill level 12 in Hexes
 61003 | Vaults:2 | Reached skill level 12 in Summonings
 61003 | Vaults:2 | Reached skill level 12 in Necromancy
 61003 | Vaults:2 | Reached skill level 12 in Translocations
 61003 | Vaults:2 | Reached skill level 12 in Transmutations
 61003 | Vaults:2 | Reached skill level 12 in Fire Magic
 61003 | Vaults:2 | Reached skill level 12 in Ice Magic
 61003 | Vaults:2 | Reached skill level 12 in Air Magic
 61003 | Vaults:2 | Reached skill level 12 in Earth Magic
 61003 | Vaults:2 | Reached skill level 12 in Poison Magic
 61829 | Vaults:3 | Reached skill level 14 in Fighting
 61829 | Vaults:3 | Reached skill level 14 in Long Blades
 61829 | Vaults:3 | Reached skill level 14 in Axes
 61829 | Vaults:3 | Reached skill level 14 in Maces & Flails
 61829 | Vaults:3 | Reached skill level 14 in Polearms
 61829 | Vaults:3 | Reached skill level 14 in Staves
 61829 | Vaults:3 | Reached skill level 14 in Slings
 61829 | Vaults:3 | Reached skill level 14 in Bows
 61829 | Vaults:3 | Reached skill level 14 in Crossbows
 61829 | Vaults:3 | Reached skill level 14 in Throwing
 61829 | Vaults:3 | Reached skill level 14 in Armour
 61829 | Vaults:3 | Reached skill level 14 in Shields
 61829 | Vaults:3 | Reached skill level 14 in Unarmed Combat
 61829 | Vaults:3 | Reached skill level 14 in Evocations
 61991 | Vaults:3 | Reached XP level 22. HP: 129/154 MP: 33/40
 62101 | Vaults:3 | Got a polished chain mail
 62112 | Vaults:3 | Identified the +8 chain mail "Ciyps" {*Contam rN+++ Str+2
                  | Dex-4} (You found it on level 3 of the Vaults)
 62599 | Vaults:3 | Found a staircase to the Crypt.
 62613 | Vaults:3 | Reached skill level 17 in Short Blades
 62725 | Vaults:3 | Found Himegoj's Magic Scroll Shoppe.
 62725 | Vaults:3 | Found Pieluon's General Store.
 62867 | Vaults:3 | Found Maariac's Weapon Shoppe.
 63479 | Vaults:3 | Found Roeroikocu's Magic Scroll Shop.
 63735 | Vaults:4 | Reached skill level 15 in Spellcasting
 64227 | Vaults:4 | Reached skill level 15 in Dodging
 64374 | Vaults:4 | Reached skill level 14 in Conjurations
 64679 | Vaults:4 | Reached skill level 15 in Stealth
 66140 | Lair:2   | Learned a level 5 spell: Fireball
 66286 | Elf:1    | Entered Level 1 of the Elven Halls
 66296 | Elf:1    | Reached XP level 23. HP: 161/161 MP: 27/42
 66431 | Elf:1    | Found Wihetura's Armour Shop.
 66435 | Elf:1    | Found Vethuuv's Magic Scroll Shop.
 66435 | Elf:1    | Found Wamas's Jewellery Boutique.
 66445 | Elf:1    | Found Mekkadul's Distillery.
 66609 | Elf:1    | Bought a +2 helmet of see invisible for 301 gold pieces
 66623 | Elf:1    | Bought the ring of Xeadan {rN+ MP+9} for 688 gold pieces
 66628 | Elf:1    | Bought a potion of cancellation for 128 gold pieces
 66642 | Elf:1    | Bought the +7 Kryia's mail coat {PotionHeal*2 rC+} for 840
                  | gold pieces
 66642 | Elf:1    | Found the +7 Kryia's mail coat {PotionHeal*2 rC+}
 67117 | Elf:1    | Identified the Volume of Attacks and Calling
 67118 | Elf:1    | You add the spells Shock, Summon Ice Beast and Summon Demon
                  | to your library.
 67544 | Elf:2    | Found Amiteego's Book Emporium.
 67661 | Elf:2    | Found Teist's Magic Scroll Emporium.
 67686 | Elf:2    | You pick up a book of the Tempests and begin reading...
 67686 | Elf:2    | You add the spells Static Discharge, Lightning Bolt,
                  | Ignition, Tornado and Shatter to your library.
 67837 | Elf:2    | Found a runed translucent gate.
 67837 | Elf:2    | Found a runed translucent gate.
 67839 | Elf:2    | Found a runed translucent gate.
 68158 | Elf:2    | Reached skill level 18 in Short Blades
 68464 | Elf:2    | Reached skill level 16 in Invocations
 69017 | Elf:3    | Entered Level 3 of the Elven Halls
 69640 | Elf:3    | Reached skill level 15 in Fighting
 69640 | Elf:3    | Reached skill level 15 in Long Blades
 69640 | Elf:3    | Reached skill level 15 in Axes
 69640 | Elf:3    | Reached skill level 15 in Maces & Flails
 69640 | Elf:3    | Reached skill level 15 in Polearms
 69640 | Elf:3    | Reached skill level 15 in Staves
 69640 | Elf:3    | Reached skill level 15 in Slings
 69640 | Elf:3    | Reached skill level 15 in Bows
 69640 | Elf:3    | Reached skill level 15 in Crossbows
 69640 | Elf:3    | Reached skill level 15 in Throwing
 69640 | Elf:3    | Reached skill level 15 in Armour
 69640 | Elf:3    | Reached skill level 15 in Shields
 69640 | Elf:3    | Reached skill level 15 in Unarmed Combat
 69640 | Elf:3    | Reached skill level 15 in Evocations
 69962 | Elf:3    | Lost mutation: You are frail. (-10% HP) [potion of
                  | mutation]
 69962 | Elf:3    | Gained mutation: You are surrounded by a mild repulsion
                  | field. (EV +2) [potion of mutation]
 69962 | Elf:3    | Gained mutation: You evolve. [potion of mutation]
 69962 | Elf:3    | Gained mutation: You do not regenerate when monsters are
                  | visible. [potion of mutation]
 69962 | Elf:3    | Gained mutation: You have extremely sharp teeth. [potion of
                  | mutation]
 70060 | Elf:3    | Reached skill level 13 in Hexes
 70060 | Elf:3    | Reached skill level 13 in Summonings
 70060 | Elf:3    | Reached skill level 13 in Necromancy
 70060 | Elf:3    | Reached skill level 13 in Translocations
 70060 | Elf:3    | Reached skill level 13 in Transmutations
 70060 | Elf:3    | Reached skill level 13 in Fire Magic
 70060 | Elf:3    | Reached skill level 13 in Ice Magic
 70060 | Elf:3    | Reached skill level 13 in Air Magic
 70060 | Elf:3    | Reached skill level 13 in Earth Magic
 70060 | Elf:3    | Reached skill level 13 in Poison Magic
 70493 | Elf:3    | Identified the +6 whip of Wahil {freeze, rPois}
 70499 | Elf:3    | Identified the +6 whip of the Doomed Warrior {vamp, +Inv
                  | rC- Stlth+}
 70825 | Elf:3    | Identified the amulet "Ezaisty" {rElec Regen+}
 70833 | Elf:3    | Identified the +8 trident "Ogrebane" {protect, *Drain rPois
                  | rF+ Will+++}
 71054 | Elf:3    | Identified the ring of the Duke {Ice +Fly rElec rPois Dex-3
                  | Stlth+}
 71100 | Elf:3    | Identified the +2 robe "Wamum" {Int+3}
 71104 | Elf:3    | Reached XP level 24. HP: 189/189 MP: 24/42
 71106 | Elf:3    | Identified the +5 broad axe "Ydghuywya" {freeze, rF- rC+
                  | Dex+2}
 71106 | Elf:3    | Identified the ring "Dijasus" {*Tele Dex+2 Slay+2 Stlth-}
 71269 | Elf:3    | Gained mutation: Your muscles are strong. (Str +2)
                  | [evolution]
 71755 | Elf:3    | You add the spells Monstrous Menagerie, Summon Greater
                  | Demon, Malign Gateway and Summon Horrible Things to your
                  | library.
 71826 | Elf:3    | You pick up a book of the Sky and begin reading...
 71826 | Elf:3    | You add the spells Summon Lightning Spire and Conjure Ball
                  | Lightning to your library.
 71829 | Elf:3    | You pick up a book of Geomancy and begin reading...
 71829 | Elf:3    | You add the spells Sandblast, Passwall, Stone Arrow,
                  | Petrify and Lee's Rapid Deconstruction to your library.
 71833 | Elf:3    | You pick up a book of Summonings and begin reading...
 71833 | Elf:3    | You add the spells Summon Forest, Summon Mana Viper and
                  | Summon Hydra to your library.
 71897 | Elf:3    | Identified the +5 spear of the Fulmar {vorpal, rPois Str+5
                  | Int+3 Dex-4} (You found it on level 3 of the Elven Halls)
 72380 | Depths:1 | Entered Level 1 of the Depths
 72749 | Depths:1 | Found Miomeff's Jewellery Shop.
 72752 | Depths:1 | Found Dyh Tus's Gadget Emporium.
 72753 | Depths:1 | Found Waryeng's Jewellery Shop.
 72848 | Depths:1 | Found a one-way gate leading to the halls of Pandemonium.
 72923 | Depths:1 | Found a one-way gate to the infinite horrors of the Abyss.
 72927 | Depths:1 | Found a runed translucent door.
 72973 | Depths:1 | Reached skill level 16 in Spellcasting
 72992 | Depths:1 | Got a crude scale mail
 73149 | Depths:1 | Identified the +0 scale mail of Beogh {Dex+3} (You found it
                  | on level 1 of the Depths)
 73181 | Depths:1 | Found a transporter.
 73197 | Depths:1 | Noticed an ancient lich
 73271 | Depths:1 | Found a transporter.
 73276 | Depths:1 | Noticed Contigo's ghost (adept MiBe)
 73286 | Depths:1 | You pick up a book of Cantrips and begin reading...
 73371 | Depths:1 | Identified the +6 broad axe of the Freezing Sybil {distort,
                  | Will+}
 73375 | Depths:1 | Killed an ancient lich
 73752 | Depths:1 | Found a gateway to Hell.
 73966 | Depths:1 | Reached skill level 16 in Dodging
 73971 | Depths:1 | Reached skill level 19 in Short Blades
 73985 | Depths:1 | Killed Contigo's ghost
 73995 | Depths:1 | HP: 29/189 [starcursed mass/accursed screaming (7)]
 74420 | Depths:1 | Got a masterwork hat
 74421 | Depths:1 | Identified the +1 hat of Truth {rF+ Will+} (You found it on
                  | level 1 of the Depths)
 74487 | Depths:2 | Reached skill level 16 in Stealth
 74948 | Depths:2 | Found a runed translucent gate.
 74984 | Depths:2 | Found a runed translucent gate.
 74984 | Depths:2 | Found a runed translucent gate.
 74987 | Depths:2 | Found a viscous altar of Jiyva.
 74987 | Depths:2 | Noticed Izxaffuj's ghost (adept TrMo)
 75017 | Depths:2 | Killed Izxaffuj's ghost
 75152 | Depths:2 | You pick up a book of Ice and begin reading...
 75906 | Depths:3 | Found a gateway to a ziggurat.
 75906 | Depths:3 | Noticed an ancient lich
 75918 | Depths:3 | Killed an ancient lich
 75919 | Depths:3 | Reached skill level 17 in Invocations
 75929 | Depths:3 | Reached skill level 15 in Conjurations
 75946 | Depths:3 | Reached XP level 25. HP: 176/197 MP: 12/43
 76440 | Depths:3 | Gained mutation: You expend magic power (3 MP) to
                  | strengthen your wands. [evolution]
 76813 | Depths:3 | Reached skill level 16 in Fighting
 76813 | Depths:3 | Reached skill level 16 in Long Blades
 76813 | Depths:3 | Reached skill level 16 in Axes
 76813 | Depths:3 | Reached skill level 16 in Maces & Flails
 76813 | Depths:3 | Reached skill level 16 in Polearms
 76813 | Depths:3 | Reached skill level 16 in Staves
 76813 | Depths:3 | Reached skill level 16 in Slings
 76813 | Depths:3 | Reached skill level 16 in Bows
 76813 | Depths:3 | Reached skill level 16 in Crossbows
 76813 | Depths:3 | Reached skill level 16 in Throwing
 76813 | Depths:3 | Reached skill level 16 in Armour
 76813 | Depths:3 | Reached skill level 16 in Shields
 76813 | Depths:3 | Reached skill level 16 in Unarmed Combat
 76813 | Depths:3 | Reached skill level 16 in Evocations
 76907 | Depths:3 | Got a faintly glowing shortbow
 76920 | Depths:3 | Got an ichor-stained chain mail
 76924 | Depths:3 | You pick up a book of Clouds and begin reading...
 76930 | Depths:3 | Lost mutation: You expend magic power (3 MP) to strengthen
                  | your wands. [potion of mutation]
 76930 | Depths:3 | Lost mutation: Your muscles are strong. (Str +2) [potion of
                  | mutation]
 76930 | Depths:3 | Lost mutation: You have extremely sharp teeth. [potion of
                  | mutation]
 76930 | Depths:3 | Lost mutation: You do not regenerate when monsters are
                  | visible. [potion of mutation]
 76930 | Depths:3 | Gained mutation: Your magical capacity is low. (-10% MP)
                  | [potion of mutation]
 76930 | Depths:3 | Lost mutation: Your magical capacity is low. (-10% MP)
                  | [potion of mutation]
 76930 | Depths:3 | Gained mutation: You are frail. (-10% HP) [potion of
                  | mutation]
 76930 | Depths:3 | Gained mutation: Your system is resistant to poisons.
                  | (rPois) [potion of mutation]
 76933 | Depths:3 | Got a masterwork spear
 76961 | Depths:3 | Found a blossoming altar of Fedhas.
 76963 | Depths:3 | Identified the +8 flail "Dolioli" {pain, *Rage rF++ Int+2
                  | Dex+3}
 77906 | Depths:4 | Noticed Boris
 77918 | Depths:4 | Killed Boris
 77919 | Depths:4 | Reached skill level 20 in Short Blades
 78096 | Depths:4 | +0 storm dragon scales {rare}; a storm dragon corpse
 78204 | Depths:4 | Reached skill level 14 in Hexes
 78204 | Depths:4 | Reached skill level 14 in Summonings
 78204 | Depths:4 | Reached skill level 14 in Necromancy
 78204 | Depths:4 | Reached skill level 14 in Translocations
 78204 | Depths:4 | Reached skill level 14 in Transmutations
 78204 | Depths:4 | Reached skill level 14 in Fire Magic
 78204 | Depths:4 | Reached skill level 14 in Ice Magic
 78204 | Depths:4 | Reached skill level 14 in Air Magic
 78204 | Depths:4 | Reached skill level 14 in Earth Magic
 78204 | Depths:4 | Reached skill level 14 in Poison Magic
 79089 | Depths:4 | Noticed a caustic shrike
 79102 | Depths:4 | Killed a caustic shrike
 79257 | Depths:4 | Identified the cursed +1 chain mail "Hanku" {Rampage MP+9
                  | Str+3} (You found it on level 3 of the Depths)
 79480 | Depths:4 | Noticed a juggernaut
 79485 | Depths:4 | Reached XP level 26. HP: 186/186 MP: 36/43
 79489 | Depths:4 | Killed a juggernaut
 79490 | Depths:4 | Reached skill level 17 in Spellcasting
 79603 | Depths:4 | Identified Nebriskyt's Collected Works on Noxious Summoning
 79931 | Depths:5 | Entered Level 5 of the Depths
 80163 | Depths:5 | Reached skill level 17 in Fighting
 80196 | Depths:5 | Reached skill level 17 in Dodging
 80411 | Depths:5 | Gained mutation: You are very frail. (-20% HP) [evolution]
 80861 | Depths:5 | Reached skill level 17 in Stealth
 81170 | Depths:5 | Found a gate to the Realm of Zot.
 82172 | Lair:2   | Identified the +6 spear "Viedgh" {vorpal, rF+++ rN+ MP+9
                  | Str-2} (You found it on level 3 of the Depths)
 82174 | Lair:2   | Lost mutation: You are surrounded by a mild repulsion
                  | field. (EV +2) [potion of mutation]
 82174 | Lair:2   | Lost mutation: Your system is resistant to poisons. (rPois)
                  | [potion of mutation]
 82174 | Lair:2   | Lost mutation: You are very frail. (-20% HP) [potion of
                  | mutation]
 82174 | Lair:2   | Gained mutation: Your spells are a little easier to cast,
                  | but a little less powerful. [potion of mutation]
 82174 | Lair:2   | Gained mutation: You have sharp toenails. [potion of
                  | mutation]
 82174 | Lair:2   | Gained mutation: You are strong-willed. (Will+) [potion of
                  | mutation]
 82548 | Vaults:5 | Entered Level 5 of the Vaults
 82552 | Vaults:5 | Reached skill level 18 in Invocations
 83104 | Vaults:4 | +0 shadow dragon scales {rare}; a shadow dragon skeleton
 83138 | Vaults:5 | Reached skill level 21 in Short Blades
 83139 | Vaults:5 | HP: 45/188 [titan (24)]
 83653 | Vaults:4 | Reached skill level 17 in Long Blades
 83653 | Vaults:4 | Reached skill level 17 in Axes
 83653 | Vaults:4 | Reached skill level 17 in Maces & Flails
 83653 | Vaults:4 | Reached skill level 17 in Polearms
 83653 | Vaults:4 | Reached skill level 17 in Staves
 83653 | Vaults:4 | Reached skill level 17 in Slings
 83653 | Vaults:4 | Reached skill level 17 in Bows
 83653 | Vaults:4 | Reached skill level 17 in Crossbows
 83653 | Vaults:4 | Reached skill level 17 in Throwing
 83653 | Vaults:4 | Reached skill level 17 in Armour
 83653 | Vaults:4 | Reached skill level 17 in Shields
 83653 | Vaults:4 | Reached skill level 17 in Unarmed Combat
 83653 | Vaults:4 | Reached skill level 17 in Evocations
 83861 | Vaults:5 | Reached XP level 27. HP: 169/195 MP: 32/44
 83995 | Vaults:5 | Reached skill level 18 in Fighting
 84326 | Vaults:5 | Noticed Xtahua
 84337 | Vaults:5 | Killed Xtahua
 84338 | Vaults:5 | Reached skill level 16 in Conjurations
 84866 | Vaults:5 | +0 storm dragon scales {rare}; a +0 chain mail; a +0 war
                  | axe
 84879 | Vaults:5 | +0 storm dragon scales {rare}; a +0 chain mail; a +0 war
                  | axe
 85126 | Vaults:5 | Found Pennuts's Gadget Boutique.
 85737 | Vaults:5 | Got a silver rune of Zot
 85965 | Vaults:5 | Identified the +3 kite shield of Hieposa {+Fly SInv}
 85966 | Vaults:5 | Identified the +7 hunting sling of Disembowelment {venom,
                  | Dex+3}
 86037 | Vaults:5 | a deep elf mage comes into view. It is wielding the +12
                  | Vampire's Tooth {vamp}.
 86124 | Vaults:5 | +0 storm dragon scales {rare}; a +0 chain mail; a +0 war
                  | axe
 86418 | Vaults:5 | Got an ichor-stained dagger
 86419 | Vaults:5 | Identified the +1 dagger of Brawling {elec, rPois} (You
                  | found it on level 5 of the Vaults)
 86457 | Vaults:5 | Reached skill level 15 in Poison Magic
 86470 | Vaults:5 | Identified +0 gold dragon scales
 86470 | Vaults:5 | Identified the +9 shortbow "Jiet Nil" {venom, Str+4}
 86472 | Vaults:5 | +0 gold dragon scales {rare}; a golden dragon corpse
 86475 | Vaults:5 | +0 gold dragon scales {rare}; a golden dragon corpse
 86476 | Vaults:5 | quicksilver dragon scales {rare}; a quicksilver dragon
                  | corpse
 86477 | Vaults:5 | Acquired the ring of Upnomops {*Drain rF+ MP+9 Dex+4}
 86486 | Vaults:5 | quicksilver dragon scales {rare}; a quicksilver dragon
                  | corpse
 86486 | Vaults:5 | m - quicksilver dragon scales {rare}
 86488 | Vaults:5 | +0 gold dragon scales {rare}; a golden dragon corpse
 86488 | Vaults:5 | L - +0 gold dragon scales {rare}
 86499 | Vaults:5 | You finish putting on your +0 gold dragon scales {rare}.
 86602 | Vaults:5 | Identified the +4 falchion "Noisopp" {flame, rF+}
 86602 | Vaults:5 | Identified the +5 pearl dragon scales "Zatz" {rN+ MP+9}
 86633 | Vaults:5 | You finish taking off your +0 gold dragon scales {rare}.
 86633 | Vaults:5 | You drop +0 gold dragon scales {rare}.
 86635 | Vaults:5 | a +0 vorpal arbalest; the +5 pearl dragon scales "Zatz"
                  | {rN+ MP+9, rare}; 18 bolts
 86639 | Vaults:5 | L - the +5 pearl dragon scales "Zatz" {rN+ MP+9, rare}
 86645 | Vaults:5 | You finish putting on the +5 pearl dragon scales "Zatz"
                  | {rN+ MP+9, rare}.
 86652 | Vaults:5 | You finish taking off the +5 pearl dragon scales "Zatz"
                  | {rN+ MP+9, rare}.
 86657 | Vaults:5 | You finish putting on your quicksilver dragon scales
                  | {rare}.
 86665 | Vaults:5 | You pick up a book of Spatial Translocations and begin
                  | reading...
 86665 | Vaults:5 | You add the spells Blink, Lesser Beckoning, Gell's
                  | Gravitas, Teleport Other and Passage of Golubria to your
                  | library.
 86673 | Vaults:5 | W - +0 gold dragon scales {rare}
 86781 | Vaults:5 | Reached skill level 15 in Hexes
 86781 | Vaults:5 | Reached skill level 15 in Summonings
 86781 | Vaults:5 | Reached skill level 15 in Necromancy
 86781 | Vaults:5 | Reached skill level 15 in Translocations
 86781 | Vaults:5 | Reached skill level 15 in Transmutations
 86781 | Vaults:5 | Reached skill level 15 in Fire Magic
 86781 | Vaults:5 | Reached skill level 15 in Ice Magic
 86781 | Vaults:5 | Reached skill level 15 in Air Magic
 86781 | Vaults:5 | Reached skill level 15 in Earth Magic
 86896 | Vaults:5 | You finish taking off your quicksilver dragon scales
                  | {rare}.
 86901 | Vaults:5 | You finish putting on the +5 pearl dragon scales "Zatz"
                  | {rN+ MP+9, rare}.
 87301 | Lair:2   | You drop quicksilver dragon scales {rare}.
 87304 | Lair:2   | You drop +0 gold dragon scales {rare}.
 87408 | Slime:1  | Entered Level 1 of the Pits of Slime
 87630 | Slime:1  | Gained mutation: Scrolls take you a little longer to read.
                  | [a shining eye]
 87724 | Slime:1  | Gained mutation: Your body sometimes deteriorates upon
                  | taking damage. [a shining eye]
 88373 | Slime:3  | Reached skill level 18 in Spellcasting
 88772 | Slime:1  | You fall into a shaft and drop 1 floor!
 89831 | Slime:4  | Reached skill level 18 in Dodging
 90008 | Slime:4  | Reached skill level 19 in Fighting
 90123 | Slime:4  | Noticed Dissolution
 90131 | Slime:4  | Reached skill level 18 in Stealth
 90210 | Slime:4  | Killed Dissolution
 90211 | Slime:4  | Reached skill level 19 in Invocations
 90851 | Slime:5  | Entered Level 5 of the Pits of Slime
 90898 | Slime:5  | Noticed the Royal Jelly
 91086 | Slime:5  | Killed the Royal Jelly
 91539 | Slime:5  | Reached skill level 22 in Short Blades
 91778 | Slime:5  | Found the brooch of Shielding {Spirit SH+8}
 91783 | Slime:5  | Found the ring of the Hare {EV+8}
 91812 | Slime:5  | You pick up a book of the Warp and begin reading...
 91812 | Slime:5  | You add the spells Dispersal and Disjunction to your
                  | library.
 91819 | Slime:5  | Got a slimy rune of Zot
 91884 | Slime:5  | Got a smoking hand crossbow
 91889 | Slime:5  | Identified the +7 hand crossbow of the Omega Point {venom,
                  | Str+2} (You found it on level 5 of the Pits of Slime)
 91898 | Slime:5  | Got an ancient scale mail
 91904 | Slime:5  | Got a wavering marble ring
 91907 | Slime:5  | Identified the Disquisition on Damaging Intoxication
 91913 | Slime:5  | Identified the ring of Tismetiff {EV+4 Slay+2} (You found
                  | it on level 5 of the Pits of Slime)
 91943 | Slime:5  | You pick up a book of Frost and begin reading...
 91943 | Slime:5  | You add the spells Freeze, Frozen Ramparts and Ozocubu's
                  | Armour to your library.
 92486 | Lair:2   | Identified the cursed +1 scale mail "Mobbes Tunko" {rC+}
                  | (You found it on level 5 of the Pits of Slime)
 92493 | Lair:2   | Lost mutation: You are frail. (-10% HP) [potion of
                  | mutation]
 92493 | Lair:2   | Lost mutation: Scrolls take you a little longer to read.
                  | [potion of mutation]
 92493 | Lair:2   | Lost mutation: You evolve. [potion of mutation]
 92493 | Lair:2   | Lost mutation: You are strong-willed. (Will+) [potion of
                  | mutation]
 92493 | Lair:2   | Gained mutation: You are weak. (Str -2) [potion of
                  | mutation]
 92493 | Lair:2   | Gained mutation: You are very weak. (Str -4) [potion of
                  | mutation]
 92493 | Lair:2   | Gained mutation: You are partially covered in rugged brown
                  | scales. (AC +1, +3% HP) [potion of mutation]
 92596 | D:7      | Bought 2 potions of mutation for 400 gold pieces
 92596 | D:7      | Lost mutation: You are very weak. (Str -4) [potion of
                  | mutation]
 92596 | D:7      | Lost mutation: Your body sometimes deteriorates upon taking
                  | damage. [potion of mutation]
 92596 | D:7      | Gained mutation: Your flesh is heat resistant. (rF+)
                  | [potion of mutation]
 92596 | D:7      | Gained mutation: You possess an exceptional clarity of
                  | mind. [potion of mutation]
 92925 | Depths:1 | Voluntarily entered the Abyss.
 92944 | Abyss:1  | Got a slimy mace
 93005 | Abyss:3  | Got an abyssal rune of Zot
 93170 | Abyss:3  | Found a corrupted altar of Lugonu.
 93194 | Abyss:3  | Reached skill level 16 in Poison Magic
 93242 | Depths:1 | You pass through the gate.
 93242 | Depths:1 | Escaped the Abyss
 93463 | Lair:2   | Identified the +11 mace of the Lost Villages {flame, rPois
                  | rC++ rN+ Int-2} (You found it on level 1 of the Abyss)
 93775 | Crypt:1  | Entered Level 1 of the Crypt
 94156 | Crypt:1  | Reached skill level 18 in Long Blades
 94156 | Crypt:1  | Reached skill level 18 in Axes
 94156 | Crypt:1  | Reached skill level 18 in Maces & Flails
 94156 | Crypt:1  | Reached skill level 18 in Polearms
 94156 | Crypt:1  | Reached skill level 18 in Staves
 94156 | Crypt:1  | Reached skill level 18 in Slings
 94156 | Crypt:1  | Reached skill level 18 in Bows
 94156 | Crypt:1  | Reached skill level 18 in Crossbows
 94156 | Crypt:1  | Reached skill level 18 in Throwing
 94156 | Crypt:1  | Reached skill level 18 in Armour
 94156 | Crypt:1  | Reached skill level 18 in Shields
 94156 | Crypt:1  | Reached skill level 18 in Unarmed Combat
 94156 | Crypt:1  | Reached skill level 18 in Evocations
 95324 | Crypt:2  | You pick up a book of the Tempests and begin reading...
 95489 | Crypt:2  | Identified Sif Muna's Guide on Mutagenic Summoning
 95490 | Crypt:2  | You add the spells Call Imp, Summon Guardian Golem and
                  | Alistair's Intoxication to your library.
 95802 | Crypt:2  | You pick up a book of Changes and begin reading...
 95802 | Crypt:2  | You add the spells Beastly Appendage, Wereblood and Blade
                  | Hands to your library.
 95812 | Crypt:3  | Entered Level 3 of the Crypt
 95909 | Crypt:3  | You pick up a book of Cantrips and begin reading...
 96140 | Crypt:3  | Found an ancient bone altar of Kikubaaqudgha.
 96241 | Crypt:3  | Reached skill level 20 in Fighting
 96637 | Crypt:3  | Noticed an ancient lich
 96638 | Crypt:3  | Found the +9 sword of Zonguldrok {reap}
 96646 | Crypt:3  | Killed an ancient lich
 96795 | Crypt:3  | Got a jewelled rapier
 96796 | Crypt:3  | Identified the Volume of the Manifold Knives
 96799 | Crypt:3  | Got a smoking mace
 96875 | Crypt:3  | Identified the +8 rapier of Dust {speed, rElec Str+2 Dex+10
                  | Stlth-} (You found it on level 3 of the Crypt)
 97307 | Crypt:3  | Found a staircase to the Tomb.
 97774 | Crypt:3  | Identified the +3 mace of the Vendetta {freeze, Will+} (You
                  | found it on level 3 of the Crypt)
 97938 | Crypt:3  | Noticed a curse skull
 97944 | Crypt:3  | Killed a curse skull
 98009 | Crypt:3  | Noticed a curse skull
 98015 | Crypt:3  | Killed a curse skull
 98986 | Crypt:3  | Got a smoking brass ring
 98986 | Crypt:3  | Got a translucent lapis lazuli ring
 98986 | Crypt:3  | Got a crude turquoise ring
 99021 | Crypt:3  | Reached skill level 17 in Conjurations
 99057 | Crypt:3  | Got a twisted battleaxe
 99495 | Lair:2   | Identified the ring "Wutetor" {rN+ MP+9 Dex+2} (You found
                  | it on level 3 of the Crypt)
 99496 | Lair:2   | Identified the ring "Wuecrilae" {rPois rN+ Dex+2} (You
                  | found it on level 3 of the Crypt)
 99497 | Lair:2   | Identified the ring of Mecsego {rN+ Int+3 Dex+4} (You found
                  | it on level 3 of the Crypt)
 99500 | Lair:2   | Identified the +6 battleaxe of the Onslaught {venom, rElec}
                  | (You found it on level 3 of the Crypt)
 99551 | D:8      | Bought a potion of cancellation for 88 gold pieces
 99551 | D:8      | Bought a potion of cancellation for 88 gold pieces
 99551 | D:8      | Bought a potion of cancellation for 88 gold pieces
 99820 | Zot:1    | Entered Level 1 of the Realm of Zot
100284 | Zot:1    | Identified +0 gold dragon scales
100333 | Zot:1    | +0 gold dragon scales {rare}; a golden dragon corpse
100598 | Zot:1    | Identified +0 gold dragon scales
100600 | Zot:1    | +0 gold dragon scales {rare}; a golden dragon corpse
100657 | Zot:1    | +0 gold dragon scales {rare}; a golden dragon corpse
100864 | Zot:2    | Noticed a curse toe
100872 | Zot:2    | Killed a curse toe
101077 | Zot:2    | Reached skill level 19 in Spellcasting
101084 | Zot:2    | Reached skill level 16 in Hexes
101084 | Zot:2    | Reached skill level 16 in Summonings
101084 | Zot:2    | Reached skill level 16 in Necromancy
101084 | Zot:2    | Reached skill level 16 in Translocations
101084 | Zot:2    | Reached skill level 16 in Transmutations
101084 | Zot:2    | Reached skill level 16 in Fire Magic
101084 | Zot:2    | Reached skill level 16 in Ice Magic
101084 | Zot:2    | Reached skill level 16 in Air Magic
101084 | Zot:2    | Reached skill level 16 in Earth Magic
101090 | Zot:2    | Reached skill level 17 in Poison Magic
101269 | Hell     | Entered the Vestibule of Hell
101269 | Hell     | Noticed Geryon
101283 | Hell     | Reached skill level 19 in Dodging
101283 | Hell     | Killed Geryon
101289 | Depths:5 | Reached skill level 20 in Invocations
101311 | Depths:5 | Gained mutation: Scrolls take you a little longer to read.
                  | [a cacodemon]
101494 | Hell     | Reached skill level 19 in Stealth
102385 | Hell     | Found a gateway to the decaying netherworld of Tartarus.
102458 | Hell     | Found a gateway to the ashen valley of Gehenna.
102519 | Hell     | Found a gateway to the Iron City of Dis.
102612 | Hell     | Found a gateway to the freezing wastes of Cocytus.
102800 | Zot:2    | Reached skill level 21 in Fighting
102987 | Zot:2    | Noticed a curse toe
103002 | Zot:2    | Killed a curse toe
103064 | Zot:2    | +0 shadow dragon scales {rare}; a shadow dragon corpse
103608 | Zot:2    | Identified +0 gold dragon scales
103659 | Zot:2    | +0 gold dragon scales {rare}; a golden dragon corpse
104112 | Zot:3    | Identified the +5 scythe of Demonkind {speed, rC+ Stlth+}
                  | (You found it on level 3 of the Realm of Zot)
104181 | Zot:3    | +0 shadow dragon scales {rare}; a shadow dragon corpse
104414 | Zot:3    | Noticed a juggernaut
104414 | Zot:3    | a Killer Klown changed into a juggernaut
104420 | Zot:3    | Killed a juggernaut
104539 | Zot:3    | Reached skill level 19 in Long Blades
104539 | Zot:3    | Reached skill level 19 in Axes
104539 | Zot:3    | Reached skill level 19 in Maces & Flails
104539 | Zot:3    | Reached skill level 19 in Polearms
104539 | Zot:3    | Reached skill level 19 in Staves
104539 | Zot:3    | Reached skill level 19 in Slings
104539 | Zot:3    | Reached skill level 19 in Bows
104539 | Zot:3    | Reached skill level 19 in Crossbows
104539 | Zot:3    | Reached skill level 19 in Throwing
104539 | Zot:3    | Reached skill level 19 in Armour
104539 | Zot:3    | Reached skill level 19 in Shields
104539 | Zot:3    | Reached skill level 19 in Unarmed Combat
104539 | Zot:3    | Reached skill level 19 in Evocations
104835 | Zot:3    | Learned a level 7 spell: Orb of Destruction
104843 | Zot:3    | Learned a level 7 spell: Spellforged Servitor
105085 | Zot:3    | Learned a level 8 spell: Ignition
105861 | Zot:4    | +0 storm dragon scales {rare}; a storm dragon corpse
106466 | Zot:4    | Noticed a curse toe
106478 | Zot:4    | Killed a curse toe
106595 | Zot:4    | Noticed a curse toe
106601 | Zot:4    | Killed a curse toe
106832 | Zot:5    | Entered Level 5 of the Realm of Zot
106910 | Zot:5    | Reached skill level 18 in Poison Magic
107281 | Zot:5    | Got an ivory hand axe
107380 | Zot:5    | Noticed a curse toe
107386 | Zot:5    | Killed a curse toe
108059 | Zot:5    | Reached skill level 23 in Short Blades
108751 | Elf:3    | Identified the +9 hand axe "Jitihini" {elec, rPois} (You
                  | found it on level 5 of the Realm of Zot)
108980 | D:13     | Bought a scroll of magic mapping for 56 gold pieces
109198 | Vaults:3 | Bought a scroll of magic mapping for 38 gold pieces
109518 | Dis:1    | Entered Level 1 of the Iron City of Dis
109762 | Dis:1    | HP: 36/237 [Brimstone Fiend/damnation[the effects of Hell]
                  | (36)]
109773 | Dis:1    | HP: 29/237 [flayed ghost/flay_damage (11)]
110235 | Dis:3    | You fall into a shaft and drop 3 floors!
110275 | Dis:7    | Entered Level 7 of the Iron City of Dis
110287 | Dis:7    | HP: 59/236 [???[the effects of Hell] (37)]
110296 | Dis:7    | HP: 37/237 [Ice Fiend (14)]
110336 | Dis:7    | HP: 51/236 [something (2)]
110671 | Dis:7    | Reached skill level 22 in Fighting
110849 | Dis:7    | Noticed the Serpent of Hell
110854 | Dis:7    | Found the +4 staff of Dispater
110854 | Dis:7    | Noticed Dispater
110854 | Dis:7    | Dispater is wielding the +4 staff of Dispater.
110862 | Dis:7    | HP: 57/237 [Hell Sentinel/damnation (23)]
110865 | Dis:7    | HP: 9/237 [the Serpent of Hell/crystal spear (32)]
110865 | Dis:7    | Slain by a golden dragon

Vanquished Creatures
  Dissolution (Slime:4)
  the Royal Jelly (Slime:5)
  2 juggernauts
  3 ancient liches
  Bai Suzhen (Snake:3)
  Boris (twice) (Vaults:2 Depths:4)
  Vashnia (Snake:2)
  Xtahua (Vaults:5)
  A caustic shrike (Depths:4)
  5 curse toes
  Geryon (Hell)
  12 golden dragons
  A bone dragon (Dis:1)
  The ghost of Contigo the Impregnable, an adept MiBe of Trog (Depths:1)
  3 liches
  An Ice Fiend (Dis:7)
  2 iron giants (Dis:7)
  2 Brimstone Fiends
  2 hellephants
  14 tentacled monstrosities
  A shard shrike skeleton (Crypt:1)
  2 deep elf blademasters
  4 titans
  2 quicksilver dragons
  4 Orb Guardians (Zot:5)
  30 acid blobs
  A kraken (Shoals:1)
  2 deep elf master archers (Elf:3)
  Frances (Snake:1)
  An ancient champion (Crypt:1)
  4 death cobs
  4 tentacled starspawn (Depths:1)
  9 sphinxes
  Kirke (Snake:1)
  7 tengu reavers
  Polyphemus (Shoals:2)
  Agnes (D:15)
  The ghost of Izxaffuj the Brawler, an adept TrMo of Nemelex Xobeh (Depths:2)
  8 storm dragons
  2 draconian monks
  11 shadow dragons
  The ghost of Keherigeeg the Fencer, an adept FoCK of Xom (Shoals:1)
  Donald (Snake:1)
  7 fire giants
  8 nagarajas (Snake:4)
  A ghost moth (Zot:4)
  19 azure jellies
  3 revenants
  12 frost giants
  14 vault wardens
  5 iron dragons
  8 deep elf sorcerers
  3 draconian scorchers
  4 draconian knights
  Aizul (Snake:3)
  A juggernaut zombie (Hell)
  4 balrugs
  2 curse skulls (Crypt:3)
  7 draconian stormcallers
  3 cacodemons
  15 reapers
  6 draconian annihilators
  14 very ugly things
  8 deep elf elementalists
  6 war gargoyles
  20 ironheart preservers
  A spriggan defender (Depths:5)
  A draconian shifter (Zot:2)
  6 green draconians
  18 stone giants
  2 deep elf demonologists (Elf:3)
  5 black draconians
  8 vampire knights
  12 red draconians
  9 deep elf annihilators
  5 yellow draconians
  A lorocyproca (Depths:5)
  An entropy weaver (Vaults:5)
  3 spark wasps (Depths:4)
  2 white draconians
  6 purple draconians
  4 blizzard demons
  The ghost of Fuxod the Fighter, a journeyman GnWn of Xom (Lair:3)
  4 jiangshi (Crypt:2)
  7 deep elf death magi
  6 eidola
  2 mummy priests
  23 ettins
  2 green deaths
  10 merfolk impalers
  14 death oozes
  2 quicksilver dragon zombies
  A crystal guardian (Vaults:3)
  2 merfolk javelineers
  13 ogre magi
  7 deep elf high priests
  11 naga warriors
  32 vault guards
  11 ice dragons
  22 yaktaur captains
  14 fire dragons
  12 hydras
  11 great orbs of eyes
  A monstrous demonspawn (Depths:1)
  3 spriggan air magi
  5 rakshasas
  6 boulder beetles
  7 merfolk avatars
  7 anacondas
  4 catoblepae
  3 death knights
  8 centaur warriors
  A satyr (shapeshifter) (Depths:1)
  4 merfolk aquamancers
  30 two-headed ogres
  8 deep troll shamans
  7 tengu warriors
  2 satyrs (Shoals:3)
  3 vampire magi
  The ghost of ISoar the Stormcaller, a journeyman TeAE of Vehumet (Orc:2)
  Urug (Lair:1)
  14 deep troll earth magi
  24 dancing weapons
  13 death yaks
  A thrashing horror (Abyss:3)
  9 soul eaters
  3 titan zombies
  5 hell hogs (Hell)
  29 naga sharpshooters
  4 shock serpents
  6 orc high priests
  24 deep elf knights
  Sonja (D:12)
  2 spriggans (Depths:5)
  Nergalle (D:11)
  13 sun demons
  32 skeletal warriors
  2 salamander mystics
  10 small abominations
  A sixfirhy (Hell)
  2 storm dragon skeletons (Crypt:3)
  15 sea snakes
  5 flayed ghosts
  A sea snake (shapeshifter) (Depths:4)
  2 iron trolls
  12 hell knights
  A shadow wraith (Vaults:3)
  3 unseen horrors
  An unseen horror (shapeshifter) (Vaults:4)
  2 spark wasp zombies
  51 deep trolls
  A glowing orange brain (shapeshifter) (Elf:3)
  6 glowing orange brains
  2 golden dragon skeletons
  2 wolf spider zombies (Crypt:1)
  A bunyip skeleton (Crypt:1)
  15 harpies
  11 naga ritualists
  An obsidian statue (Orc:2)
  A shadow dragon zombie (Crypt:3)
  2 wizards
  20 phantasmal warriors
  An iron dragon zombie (Crypt:3)
  26 orc knights
  17 ironbrand convokers
  17 deep elf archers
  12 shining eyes
  Pikel (D:9)
  An anaconda skeleton (Crypt:3)
  15 manticores
  4 wolf spiders (Crypt:3)
  13 mana vipers
  73 deep elf magi
  3 fauns (Shoals:3)
  23 necromancers
  4 oklob plants (Lair:4)
  19 salamanders
  5 orc sorcerers
  5 large abominations
  35 ugly things
  3 frost giant zombies (Crypt:3)
  20 moths of wrath
  A salamander (shapeshifter) (Vaults:5)
  2 stone giant zombies (Hell)
  6 cyclopes
  14 elephants
  4 fire giant zombies
  2 frost giant skeletons
  49 black mambas
  A dire elephant zombie (Crypt:3)
  9 water nymphs
  3 stone giant skeletons
  3 fire giant skeletons
  A spriggan zombie (Depths:3)
  7 merfolk sirens
  A guardian serpent (shapeshifter) (Vaults:5)
  An elephant (shapeshifter) (Vaults:2)
  9 rust devils
  6 eyes of devastation
  A torpor snail (shapeshifter) (Vaults:5)
  An elf zombie (Vaults:5)
  2 guardian serpents (Snake:4)
  29 naga magi
  4 ice statues
  14 vault sentinels
  3 smoke demons
  2 black mambas (shapeshifter)
  A cane toad (shapeshifter) (Vaults:2)
  A torpor snail (Lair:6)
  3 gargoyles
  A yaktaur zombie (Vaults:4)
  5 hellions
  3 orange demons (Hell)
  21 cane toads
  A minotaur zombie (Crypt:2)
  A kobold demonologist (D:12)
  A rime drake (shapeshifter) (Vaults:1)
  2 emperor scorpion zombies (Crypt:1)
  Maggie (Lair:2)
  2 tormentors
  An efreet (D:15)
  A komodo dragon (shapeshifter) (Vaults:1)
  13 komodo dragons
  A swamp worm zombie (Crypt:1)
  14 freezing wraiths
  3 rime drakes
  A white draconian zombie (Crypt:1)
  13 hellwings (Crypt:3)
  A yaktaur (shapeshifter) (Depths:4)
  5 tengu conjurers
  3 hydra zombies
  3 trolls (D:15)
  20 merfolk
  5 polar bears
  53 yaktaurs
  2 ice devils
  A queen bee (Lair:3)
  A meliai (D:14)
  10 red devils
  5 jumping spiders
  2 tengu simulacra
  7 hornets
  A hydra skeleton (Crypt:1)
  A polar bear (shapeshifter) (Vaults:2)
  A hornet (shapeshifter) (Depths:3)
  12 wind drakes
  A harpy skeleton (Hell)
  A sphinx simulacrum (Vaults:1)
  94 slime creatures
  A dream sheep (shapeshifter) (Vaults:3)
  2 deep troll zombies (Hell)
  37 blink frogs
  3 alligator zombies
  3 ettin zombies
  An iron dragon simulacrum (Depths:3)
  An ice dragon zombie (Crypt:3)
  2 frost giant simulacra
  4 raiju (Abyss:3)
  4 dream sheep (Shoals:3)
  4 air elementals
  17 snapping turtles
  A centaur simulacrum (D:15)
  4 shadows
  4 ettin skeletons
  A ynoxinul (Depths:3)
  18 water elementals
  4 redbacks (Crypt:3)
  A vampire (D:14)
  10 wyverns
  73 yaks
  3 black mamba zombies (Crypt:3)
  13 fire elementals
  11 basilisks
  18 golden eyes
  A basilisk (shapeshifter) (Elf:1)
  An ushabti (Crypt:3)
  A golden eye (shapeshifter) (Vaults:4)
  18 wraiths
  6 hogs (Snake:1)
  4 chaos spawn
  A yaktaur simulacrum (Vaults:1)
  A steam dragon (Lair:3)
  6 vampire mosquitoes
  3 tengu zombies (Hell)
  A soldier ant (D:10)
  2 wargs
  A two-headed ogre zombie (Crypt:2)
  A swamp worm (shapeshifter) (Depths:2)
  A floating eye (shapeshifter) (Vaults:5)
  53 nagas
  A deep troll skeleton (Vaults:5)
  A merfolk zombie (Crypt:3)
  A soldier ant (shapeshifter) (Vaults:3)
  2 floating eyes
  A faun skeleton (Crypt:1)
  12 hell hounds
  65 orc warriors
  24 water moccasins
  4 cane toad zombies
  An ice beast (shapeshifter) (Vaults:1)
  32 ogres
  14 eyes of draining
  12 ice beasts
  3 sky beasts
  2 cane toad skeletons (Hell)
  2 black bears
  A manticore zombie (Crypt:3)
  A tengu (shapeshifter) (Vaults:1)
  2 necrophages
  14 boggarts
  2 human zombies
  18 centaurs
  A snapping turtle skeleton (Crypt:3)
  A snapping turtle zombie (Crypt:2)
  3 phantoms
  13 wolves
  A blink frog zombie (Crypt:2)
  A swamp dragon skeleton (Crypt:3)
  A dream sheep skeleton (Crypt:1)
  A blink frog skeleton (Crypt:2)
  2 human skeletons
  3 lemures (D:9)
  A big kobold (shapeshifter) (Depths:1)
  3 big kobolds
  Blork the orc (D:3)
  14 bullfrogs
  2 wyvern zombies (D:13)
  A cane toad simulacrum (Crypt:1)
  A palentonga skeleton (Crypt:1)
  2 gnoll sergeants
  10 wyvern skeletons
  5 earth elementals
  A hornet simulacrum (Vaults:1)
  A polar bear zombie (Crypt:2)
  3 water moccasin skeletons
  4 scorpions
  41 killer bees
  2 troll zombies (D:9)
  2 vampire bats (D:7)
  23 wights
  8 electric eels
  2 bullfrog zombies
  A crimson imp (Depths:3)
  4 centaur zombies
  3 quasits
  3 starcursed masses (Depths:1)
  5 hounds
  8 iron imps
  31 orc priests
  4 jellies
  5 centaur skeletons
  28 orc wizards
  Crazy Yiuf (D:4)
  6 bullfrog skeletons
  Ijyb (D:4)
  4 iguanas
  6 lightning spires (Abyss:3)
  Natasha (thrice) (D:2)
  3 hell rats (Lair:6)
  20 worker ants
  6 ogre zombies (D:9)
  A hound zombie (D:8)
  A hound skeleton (D:4)
  2 mummies (Crypt:3)
  2 worker ant zombies
  12 adders
  4 gnolls
  5 river rats (Lair:6)
  3 shadow imps
  5 white imps
  5 ufetubi
  2 adder skeletons
  An adder zombie (D:5)
  5 worms
  5 dart slugs
  6 leopard geckos
  125 orcs
  3 giant cockroaches
  2 goblins
  5 hobgoblins
  9 jackals
  8 quokkas
  11 bats
  5 frilled lizards
  A frilled lizard zombie (Crypt:1)
  A goblin skeleton (D:9)
  3 goblin zombies (D:9)
  4 hobgoblin skeletons (D:9)
  2 hobgoblin zombies (D:9)
  22 kobolds
  A leopard gecko skeleton (D:4)
  3 orc skeletons
  13 orc zombies (D:9)
  17 rats
  4 crawling corpses
  2 starspawn tentacles (Depths:1)
  A tentacle (Shoals:1)
3014 creatures vanquished.

Vanquished Creatures (collateral kills)
  A golden dragon (Zot:5)
  A Brimstone Fiend (Dis:7)
  A tentacled monstrosity (Zot:4)
  An Orb Guardian (Zot:5)
  A death cob (Zot:3)
  A draconian annihilator (Zot:4)
  A reaper (Dis:7)
  A war gargoyle (Dis:7)
  A green draconian (Zot:4)
  3 yellow draconians
  A purple draconian (Zot:5)
  3 skeletal warriors (Dis:1)
  A flayed ghost (Dis:1)
  A moth of wrath (Zot:3)
  A tormentor (Dis:7)
  A hell hound (Dis:6)
20 creatures vanquished.

Vanquished Creatures (others)
  A deep elf knight (Elf:1)
  A deep elf mage (Elf:1)
  An iron imp (Dis:7)
  3 bushes (Lair:1)
  57 fulminant prisms
  72 fungi
  A lurking horror (Depths:1)
  210 plants
  6 starspawn tentacles (Depths:1)
  4 tentacles (Shoals:1)
  38 withered plants
394 creatures vanquished.

Grand Total: 3428 creatures vanquished

Table legend:
 A = Non-vault XP
 B = Vault XP
 C = Vault XP percentage of total XP
 D = Non-vault monster count
 E = Vault monster count
 F = Vault count percentage of total count
                 A         B        C        D         E       F
            +---------+---------+-------+---------+---------+-------
      Total | 1059311 |  828982 |  43.9 |    1942 |    1065 |  35.4
            +---------+---------+-------+---------+---------+-------
        D:1 |      47 |       0 |   0.0 |      26 |       0 |   0.0
        D:2 |      94 |      33 |  26.0 |       8 |       1 |  11.1
        D:3 |      93 |      73 |  44.0 |      26 |       1 |   3.7
        D:4 |     553 |      75 |  11.9 |      27 |       2 |   6.9
        D:5 |     690 |       0 |   0.0 |      19 |       0 |   0.0
        D:6 |    1133 |       0 |   0.0 |      30 |       0 |   0.0
        D:7 |    1763 |     125 |   6.6 |      34 |       9 |  20.9
        D:8 |    1911 |    1526 |  44.4 |      22 |      15 |  40.5
        D:9 |    1425 |    1698 |  54.4 |      11 |      41 |  78.8
       D:10 |    1476 |       0 |   0.0 |      14 |       0 |   0.0
       D:11 |    8365 |    5192 |  38.3 |      58 |      13 |  18.3
       D:12 |    9024 |    1548 |  14.6 |      57 |       9 |  13.6
       D:13 |    9963 |       0 |   0.0 |      39 |       0 |   0.0
       D:14 |    9080 |    3320 |  26.8 |      37 |       5 |  11.9
       D:15 |    8705 |    8182 |  48.5 |      16 |      16 |  50.0
     Lair:1 |    6567 |     855 |  11.5 |      30 |       1 |   3.2
     Lair:2 |    8532 |     370 |   4.2 |      19 |       1 |   5.0
     Lair:3 |    7838 |    7481 |  48.8 |      32 |      49 |  60.5
     Lair:4 |    8884 |    3816 |  30.0 |      33 |       7 |  17.5
     Lair:5 |   13699 |       0 |   0.0 |      34 |       0 |   0.0
     Lair:6 |   14306 |   11273 |  44.1 |      36 |      44 |  55.0
   Shoals:1 |   20119 |    2046 |   9.2 |      34 |       1 |   2.9
   Shoals:2 |   12957 |    6127 |  32.1 |      29 |       9 |  23.7
   Shoals:3 |   12724 |       0 |   0.0 |      26 |       0 |   0.0
   Shoals:4 |    6224 |   19357 |  75.7 |      17 |      35 |  67.3
    Snake:1 |    8626 |    7741 |  47.3 |      17 |       9 |  34.6
    Snake:2 |   22507 |    9221 |  29.1 |      42 |       6 |  12.5
    Snake:3 |   24373 |    7101 |  22.6 |      51 |       2 |   3.8
    Snake:4 |   35832 |   28294 |  44.1 |      65 |      44 |  40.4
    Slime:1 |   15681 |       0 |   0.0 |      30 |       0 |   0.0
    Slime:2 |   14843 |       0 |   0.0 |      17 |       0 |   0.0
    Slime:3 |   17907 |       0 |   0.0 |      32 |       0 |   0.0
    Slime:4 |   27526 |   13294 |  32.6 |      38 |       1 |   2.6
    Slime:5 |   20373 |   34704 |  63.0 |      34 |      13 |  27.7
      Orc:1 |    1648 |    7034 |  81.0 |      15 |      25 |  62.5
      Orc:2 |    2783 |   11307 |  80.2 |      37 |      64 |  63.4
      Elf:1 |   18375 |    8941 |  32.7 |      31 |      14 |  31.1
      Elf:2 |   11939 |   23901 |  66.7 |      22 |      29 |  56.9
      Elf:3 |   29851 |   47199 |  61.3 |      45 |      36 |  44.4
   Vaults:1 |   40694 |   19543 |  32.4 |      71 |      30 |  29.7
   Vaults:2 |   24070 |   10592 |  30.6 |      48 |      11 |  18.6
   Vaults:3 |   17222 |   37681 |  68.6 |      31 |      37 |  54.4
   Vaults:4 |   41603 |   40489 |  49.3 |      52 |      44 |  45.8
   Vaults:5 |   39992 |  126178 |  75.9 |      61 |      84 |  57.9
    Crypt:1 |   28746 |     198 |   0.7 |      42 |       1 |   2.3
    Crypt:2 |   24874 |       0 |   0.0 |      34 |       0 |   0.0
    Crypt:3 |       0 |   70848 | 100.0 |       0 |     116 | 100.0
   Depths:1 |   22302 |   41509 |  65.0 |      35 |      26 |  42.6
   Depths:2 |   20105 |   21534 |  51.7 |      28 |      18 |  39.1
   Depths:3 |   40623 |   46538 |  53.4 |      49 |      41 |  45.6
   Depths:4 |   39786 |   43707 |  52.3 |      35 |      36 |  50.7
   Depths:5 |   45661 |   18830 |  29.2 |      55 |      15 |  21.4
       Hell |   34151 |   27349 |  44.5 |      44 |      45 |  50.6
      Dis:1 |   24375 |       0 |   0.0 |      35 |       0 |   0.0
      Dis:2 |     328 |       0 |   0.0 |       1 |       0 |   0.0
      Dis:6 |    2346 |       0 |   0.0 |       7 |       0 |   0.0
      Dis:7 |   14042 |   16455 |  54.0 |      16 |      15 |  48.4
      Zot:1 |   22919 |    7351 |  24.3 |      19 |       2 |   9.5
      Zot:2 |   66294 |       0 |   0.0 |      36 |       0 |   0.0
      Zot:3 |   39448 |       0 |   0.0 |      21 |       0 |   0.0
      Zot:4 |   33033 |       0 |   0.0 |      20 |       0 |   0.0
      Zot:5 |   16714 |   19790 |  54.2 |       9 |      11 |  55.0
    Abyss:3 |    1547 |    5049 |  76.5 |       3 |      15 |  83.3
     Bailey |       0 |    3507 | 100.0 |       0 |      16 | 100.0
            +---------+---------+-------+---------+---------+-------

Illustrated notes

Table legend:
 A = Kills in this place as a percentage of kills in entire the game.
 B = Kills by you in this place as a percentage of kills by you in the entire game.
 C = Kills by friends in this place as a percentage of kills by friends in the entire game.
 D = Other kills in this place as a percentage of other kills in the entire game.
 E = Experience gained in this place as a percentage of experience gained in the entire game.
 F = Experience gained in this place divided by the number of levels of this place that you have seen.
                   A       B       C       D       E      F
               +-------+-------+-------+-------+-------+----------------------
         Total | 100.0 | 100.0 | 100.0 | 100.0 | 100.0 | 27769.0
       Dungeon |  17.8 |  18.0 |   0.0 |   0.0 |   4.0 | 5072.9
          Lair |   9.5 |   9.6 |   0.0 |   0.0 |   4.4 | 13936.8
        Shoals |   5.0 |   5.1 |   0.0 |   0.0 |   4.2 | 19888.5
     Snake Pit |   7.8 |   7.9 |   0.0 |   0.0 |   7.6 | 35923.8
    Slime Pits |   5.5 |   5.5 |   0.0 |   0.0 |   7.6 | 28865.6
  Orcish Mines |   4.7 |   4.7 |   0.0 |   0.0 |   1.2 | 11386.0
   Elven Halls |   5.9 |   5.9 |   0.0 | 100.0 |   7.4 | 46735.3
        Vaults |  15.6 |  15.7 |   0.0 |   0.0 |  21.1 | 79612.8
         Crypt |   6.4 |   6.5 |   0.0 |   0.0 |   6.6 | 41555.3
        Depths |  11.2 |  11.3 |   0.0 |   0.0 |  18.0 | 68119.0
          Hell |   3.0 |   3.0 |   0.0 |   0.0 |   3.3 | 61500.0
           Dis |   2.5 |   2.2 |  45.0 |   0.0 |   3.0 | 11509.2
           Zot |   3.9 |   3.6 |  55.0 |   0.0 |  10.9 | 41109.8
         Abyss |   0.6 |   0.6 |   0.0 |   0.0 |   0.3 | 2198.7
        Bailey |   0.5 |   0.5 |   0.0 |   0.0 |   0.2 | 3507.0
               +-------+-------+-------+-------+-------+----------------------

Table legend: (Time is in decaauts)
 A = Elapsed time spent in this place.
 B = Non-inter-level travel time spent in this place.
 C = Inter-level travel time spent in this place.
 D = Time resting spent in this place.
 E = Time spent auto-exploring this place.
 F = Levels seen in this place.
 G = Mean time per level.
                   A        B        C        D        E       F      G
               +--------+--------+--------+--------+--------+-----+--------+
         Total | 153129 | 135406 |  17723 |   2060 | 113703 |  68 | 2251.9 |
       Dungeon |  33167 |  26084 |   7083 |     83 |  22217 |  15 | 2211.1 |
        Temple |    189 |    147 |     42 |      0 |    145 |   1 |  189.0 |
          Lair |  18955 |  16114 |   2841 |      0 |  13813 |   6 | 3159.2 |
        Shoals |  10411 |   9791 |    620 |    129 |   8661 |   4 | 2602.8 |
     Snake Pit |  13821 |  13364 |    457 |    260 |  11389 |   4 | 3455.2 |
    Slime Pits |   7259 |   6581 |    678 |    251 |   5633 |   5 | 1451.8 |
  Orcish Mines |   5300 |   4791 |    509 |     11 |   3883 |   2 | 2650.0 |
   Elven Halls |   8257 |   7439 |    818 |     18 |   6069 |   3 | 2752.3 |
        Vaults |  20252 |  17944 |   2308 |     20 |  15214 |   5 | 4050.4 |
         Crypt |   7539 |   7286 |    253 |    101 |   5820 |   3 | 2513.0 |
        Depths |  14441 |  13033 |   1408 |    337 |  10736 |   5 | 2888.2 |
          Hell |   1371 |   1282 |     89 |    253 |    899 |   1 | 1371.0 |
           Dis |   1169 |   1119 |     50 |    291 |    389 |   5 |  233.8 |
           Zot |   9894 |   9331 |    563 |      0 |   8374 |   5 | 1978.8 |
         Abyss |    418 |    418 |      0 |      0 |    309 |   3 |  139.3 |
        Bailey |    679 |    679 |      0 |    306 |    149 |   1 |  679.0 |
               +--------+--------+--------+--------+--------+-----+--------+

Top non-repeatable levels by time:
Vaults:4: 4952 daAuts
Vaults:1: 4751 daAuts
 Snake:4: 4744 daAuts
 Crypt:3: 4543 daAuts
 Snake:3: 4093 daAuts
   Elf:3: 4049 daAuts
     D:9: 3993 daAuts
     D:8: 3885 daAuts
Depths:5: 3862 daAuts
  Lair:1: 3715 daAuts
Vaults:5: 3688 daAuts
Vaults:2: 3642 daAuts
 Snake:1: 3537 daAuts
   Orc:2: 3500 daAuts
    D:11: 3424 daAuts
